 Dungeon Crawl Stone Soup version 0.18-a0-1551-g40744a8 (webtiles) character file.

1093811 mopl the Blademaster (level 27, -12/207 HPs)
             Began as a High Elf Enchanter on Mar 9, 2016.
             Was the Champion of Dithmenos.
             Mangled by an ancient lich (13 damage)
             ... on level 7 of Tartarus on Mar 11, 2016.
             The game lasted 08:20:19 (98381 turns).

mopl the Blademaster (High Elf Enchanter)          Turns: 98381, Time: 08:20:19

Health: -12/207    AC: 16    Str:  3 (7)  XL:     27
Magic:  44/45      EV: 34    Int:  9 (16) God:    Dithmenos [******]
Gold:   5590       SH: 18    Dex: 25 (27) Spells: 17 memorised, 3 levels left

rFire  + + .     SeeInvis +     M - +5 eudemon blade (holy)
rCold  + . .     Gourm    .     A - +2 robe {Archmagi}
rNeg   + + .     Faith    +     w - +5 shield {AC+3}
rPois  +         Spirit   .     l - +0 hat "Xuxumism" {rElec rN++ Str-2 Stlth+}
rElec  +         Dismiss  .     Z - +2 cloak of Xouged {rPois rF+ Int-2 SInv}
rCorr  .         Reflect  .     S - +2 pair of gloves of Pekh {+Fly MR+ Regen+}
SustAt .         Harm     .     I - +2 pair of boots
MR     +++..                    i - amulet of faith {!P}
Stlth  ++++++++++               V - +6 ring of slaying {=R}
                                P - ring of protection from fire

@: lethally poisoned (-12 -> -12), silence, hasted and slowed, wreathed by
umbra, drained, extremely resistant to hostile enchantments, uncannily stealthy
A: cold resistance 1, deterioration 2, dopey 2, low mp 1, mutation resistance 1,
MP-powered wands
a: Renounce Religion, Evoke Flight
}: 11/15 runes: serpentine, barnacled, slimy, silver, golden, abyssal, demonic,
glowing, magical, fiery, dark


You were on level 7 of Tartarus.
You worshipped Dithmenos.
Dithmenos was exalted by your worship.
You were not hungry.

You visited 14 branches of the dungeon, and saw 70 of its levels.
You visited Pandemonium 8 times, and saw 33 of its levels.
You visited the Abyss 8 times.
You visited 2 ziggurats, and saw 19 of their levels (deepest: 10).
You also visited: Trove and Ice Cave.

You collected 16332 gold pieces.
You spent 10742 gold pieces at shops.

Inventory:

Hand Weapons
 a - the +7 captain's cutlass {speed, disarm}
   (You found it on level 5 of a ziggurat)

   Attacks with this weapon are significantly faster.
 b - a +8 blowgun
 r - the +4 rapier "Liadgh" {pierce, rF+ Stlth+}
   (You found it on level 3 of the Tomb of the Ancients)

   It inflicts extra damage upon your enemies.
   It protects you from fire.
   It makes you more stealthy.
 M - a +5 eudemon blade of holy wrath (weapon)
Missiles
 g - 3 needles of sleeping
 j - 4 needles of confusion
 s - 4 needles of paralysis
 N - 46 poisoned javelins (quivered)
 Q - 34 javelins of penetration
Armour
 l - the +0 hat "Xuxumism" (worn) {rElec rN++ Str-2 Stlth+}
   (You acquired it on level 12 of the Dungeon)

   It affects your strength (-2).
   It insulates you from electricity.
   It greatly protects you from negative energy.
   It makes you more stealthy.
 w - a +5 shield of protection (worn)
 A - a +2 robe of the Archmagi (worn)
 I - a +2 pair of boots (worn)
 S - the +2 pair of gloves of Pekh (worn) {+Fly MR+ Regen+}
   (You acquired it on level 5 of a ziggurat)

   It affects your resistance to hostile enchantments.
   It lets you fly.
   It increases your rate of regeneration.
 Z - the +2 cloak of Xouged (worn) {rPois rF+ Int-2 SInv}
   (You acquired it on level 5 of the Vaults)

   It affects your intelligence (-2).
   It protects you from fire.
   It protects you from poison.
   It lets you see invisible.
Jewellery
 i - an amulet of faith (around neck) {!P}
 u - the ring of Jubbaxke {rC+ MR++ Str-4 SInv Stlth+}
   (You found it in a treasure trove)

   [ring of stealth]

   It affects your strength (-4).
   It protects you from cold.
   It affects your resistance to hostile enchantments.
   It lets you see invisible.
   It makes you more stealthy.
 F - the ring "Pesere" {+Fly Str-2 Slay+3 SInv}
   (You found it in a treasure trove)

   [ring of flight]

   It affects your strength (-2).
   It affects your accuracy and damage with ranged weapons and melee attacks
   (+3).
   It lets you see invisible.
   It lets you fly.
 P - a ring of protection from fire (left hand)
 V - a +6 ring of slaying (right hand) {=R}
Wands
 e - a wand of heal wounds (7/9)
 t - a wand of teleportation (3/9)
 y - a wand of digging (13/24)
Scrolls
 c - 22 scrolls of identify
 f - 38 scrolls of remove curse
 h - 8 scrolls of vulnerability
 n - 7 scrolls of fear
 p - 5 scrolls of holy word
 G - 21 scrolls of recharging
 H - 9 scrolls of blinking
 O - 3 scrolls of summoning
 R - 9 scrolls of fog
 U - 21 scrolls of teleportation
 W - 11 scrolls of magic mapping
Potions
 k - 8 potions of cancellation
 q - 13 potions of brilliance
 v - 14 potions of might
 x - 40 potions of curing
 z - 6 potions of haste
 C - 9 potions of magic
 J - 12 potions of heal wounds
 K - 2 potions of cure mutation {!q}
 L - 12 potions of agility
 T - 11 potions of resistance
 Y - 7 potions of flight
Miscellaneous
 m - a sack of spiders
 o - a phial of floods
 D - a fan of gales (inert)
Comestibles
 d - 20 bread rations


   Skills:
 + Level 22.1(21.8) Fighting
 O Level 27(26.6) Short Blades
 + Level 24.4(24.1) Throwing
 + Level 21.6(21.3) Dodging
 + Level 20.2(19.9) Stealth
 - Level 15.0(14.7) Shields
 + Level 22.4(22.1) Spellcasting
 - Level 5.2(5.0) Conjurations
 - Level 14.0(13.7) Hexes
 - Level 12.1(11.9) Charms
 - Level 3.1(2.9) Necromancy
 + Level 12.5(12.2) Translocations
 - Level 11.0(10.7) Transmutations
   Level 1.0(0.8) Ice Magic
 - Level 10.0(9.7) Air Magic
 - Level 11.0(10.7) Earth Magic


You had 3 spell levels left.
You knew the following spells:

 Your Spells              Type           Power        Failure   Level  Hunger
a - Apportation           Tloc           #####.....   1%          1    None
b - Petrify               Trmt/Erth      #####...     1%          4    ##.....
c - Confuse               Hex            ######..     1%          3    None
d - Tukima's Dance        Hex            ######..     1%          3    None
e - Blink                 Tloc           N/A          1%          2    None
i - Invisibility          Hex            ######..     2%          6    ######.
k - Lee's Rapid Deconstr  Erth           #####.....   1%          5    #####..
l - Silence               Hex/Air        #####.....   1%          5    #####..
p - Passwall              Trmt/Erth      #####.....   1%          2    None
r - Regeneration          Chrm/Necr      ####......   1%          3    None
s - Dazzling Spray        Conj/Hex       #####...     1%          3    None
w - Spectral Weapon       Hex/Chrm       #####...     1%          3    None
y - Yara's Violent Unrav  Hex/Trmt       #####.....   1%          5    #####..
D - Darkness              Hex            ######....   2%          6    ######.
M - Deflect Missiles      Chrm/Air       #####.....   10%         6    ######.
P - Passage of Golubria   Tloc           N/A          1%          4    ##.....
S - Statue Form           Trmt/Erth      #####....    10%         6    ######.


Dungeon Overview and Level Annotations

Branches:
Dungeon (15/15)            Temple (0/1) D:6            Lair (8/8) D:8
 Shoals (4/4) Lair:6        Snake (4/4) Lair:5        Slime (6/6) Lair:6
    Orc (2/2) D:10            Elf (3/3) Orc:2        Vaults (5/5) D:14
  Crypt (3/3) Vaults:2       Tomb (3/3) Crypt:3      Depths (5/5) D:15
   Hell (1/1)                 Dis (0/7) Hell            Tar (7/7) Hell
    Zot (4/5) Depths:5
    Geh: Hell:1         Coc: Hell:1

Altars:
Ashenzari
Dithmenos
Elyvilon
Fedhas
Gozag
Makhleb
Nemelex Xobeh
Okawaru
Pakellas
Ru
Trog
Yredelemnul
Zin
Beogh
Jiyva

Shops:
D:11 *   D:12 !   D:13 *   Orc:1 }   Orc:2 :([*   Elf:1 (   Elf:3 }}[:!
Shoals:3 (   Snake:4 =   Vaults:3 (   Vaults:5 ???%%?!!!!:[[   Depths:2 }

Portals:
Hell: Lair:8 Depths:1 Depths:2 Depths:3 Depths:4 Depths:5
Abyss: Depths:1 Depths:4
Pandemonium: Depths:3

Annotations:
D:12 1 exclusion
Depths:1 exclusion: 2 ice statues


Innate Abilities, Weirdness & Mutations

Your flesh is cold resistant.
Your body often deteriorates upon taking damage.
You are very dopey. (Int -4)
Your magical capacity is low (-10% MP).
You are somewhat resistant to further mutation.
You expend magic power (3 MP) to strengthen your wands.


Message History

The reaper burns you.
* * * LOW HITPOINT WARNING * * *
You block the ancient lich's attack. The reaper closely misses you.
Drink which item? (? for menu, Esc to quit)
Okay, then.
Evoke which item? (* to show all) (? for menu, Esc to quit)
A fierce wind blows from the fan.
The monsters around you are blown away!
The winds coalesce and take form.
You feel sick. You block the reaper's attack.
Drink which item? (? for menu, Esc to quit)
You feel yourself speed up.
You feel sick.
Your air elemental hits the ancient lich but does no damage.
The death drake completely misses you.
The reaper hits you from afar with a vampiric scythe!!
* * * LOW HITPOINT WARNING * * *
Your body deteriorates!
You feel clumsy.
Your air elemental hits the ancient lich!
The reaper barely misses you. The shadow completely misses you.
The death drake breathes miasma at you. The foul vapour engulfs you!
The ancient lich touches you!
You die...

#########################********
.........................,,,,,,,,
.........................,,,,,,,,
.........###.............,,,,,,,,
##.....###,####.§..§.§...,,,,,,,,
,#######,,,,,*#§§§§§.....,,,,,,,,
,,,,,,,,,,⌠,,*#§@k§W§....,,,,,,,,
,,,,,,,,,,,,,*#§WLE......,*******
,,,,,,,,,,,,,*#222.......**,,,,,,
,,,,,,,***++**#.2.§§....#*,,,,,,,
**,,,,,* *,,**#..§......#,,,,,,,,
**,,,,****,,**....§....##,,,,,,,,
***,***,,*,,*..........#,,,,,,,,,
*****,,,,,,,...........#,,,,,,,,,
,* *,,,,,,,............#*,,,,,,,,


You could see an ancient lich, 4 reapers, a death drake, 2 shadows and a
friendly air elemental.

Vanquished Creatures
  Cerebov (Pan)
  the Royal Jelly (Slime:6)
  Dissolution (Slime:4)
  Gloorx Vloq (Pan)
  A seraph (Pan)
  Lom Lobon (Pan)
  Tiamat (Zot:1)
  Khufu (Crypt:2)
  3 ancient liches
  Mennas (Depths:3)
  32 greater mummies
  An iron giant (Depths:4)
  Boris (Depths:3)
  Saint Roka (Vaults:5)
  Frederick (Tomb:1)
  6 Killer Klowns
  3 curse toes
  Jory (Crypt:2)
  11 golden dragons
  Geryon (Hell)
  5 pandemonium lords
  Nikola (Vaults:1)
  6 bone dragons
  An electric golem (Zig:10)
  A pearl dragon (Pan)
  3 Brimstone Fiends (Pan)
  Jorgrun (Crypt:2)
  9 liches
  4 doom hounds
  12 tentacled monstrosities
  Rupert (Lair:7)
  A shard shrike zombie (Crypt:1)
  An Ice Fiend (Zig:9)
  Asterion (Vaults:1)
  3 deep elf master archers
  2 quicksilver dragons
  2 deep elf blademasters
  7 acid blobs
  13 titans
  9 Shadow Fiends
  5 tentacled starspawn
  13 ancient champions
  3 death cobs
  14 Executioners
  Frances (D:14)
  12 sphinxes
  6 tengu reavers
  12 shadow dragons
  Roxanne (Snake:4)
  7 greater nagas (Snake:4)
  Ilsuiw (Shoals:4)
  9 draconian monks
  14 storm dragons
  3 azure jellies
  8 revenants
  10 frost giants
  3 ghost moths
  7 fire giants
  14 daevas
  3 deep elf sorcerers
  2 warmongers
  Aizul (Shoals:4)
  3 draconian scorchers
  An orc warlord (Orc:2)
  6 blood saints (Pan)
  A juggernaut zombie (Zig:2)
  25 vault wardens
  Louise (Elf:3)
  7 cacodemons
  6 draconian knights
  14 balrugs
  2 draconian zealots
  An iron dragon (Vaults:5)
  3 deep elf elementalists
  25 large abominations
  8 draconian annihilators
  4 draconian shifters
  4 curse skulls
  A ghoul (Crypt:2)
  19 very ugly things
  12 reapers
  28 angels
  17 ironheart preservers
  28 stone giants
  5 salamander stormcallers
  A spriggan defender (Depths:4)
  13 ophanim (Pan)
  8 war gargoyles
  26 apis (Pan)
  12 green draconians
  A dire elephant (Lair:8)
  8 black draconians
  4 draconian callers
  A chaos champion (Pan)
  8 vampire knights
  11 deep elf annihilators
  6 white draconians
  A corrupter (Zig:9)
  4 bennus
  7 spark wasps
  12 deep elf demonologists
  7 purple draconians
  11 mottled draconians
  2 lorocyprocas (Pan)
  2 black suns (Pan)
  6 red draconians
  7 yellow draconians
  The ghost of namelastname112 the Grappler, a journeyman DrMo of Makhleb (D:13)
  9 ettins
  21 mummy priests
  12 deep elf death magi
  5 blizzard demons
  8 merfolk javelineers
  17 fire dragons
  34 vault guards
  4 merfolk impalers (Shoals:4)
  8 green deaths
  7 eidola
  A death ooze (Slime:6)
  27 ice dragons
  21 jiangshi
  7 rakshasas
  23 yaktaur captains
  4 quicksilver dragon skeletons
  6 hell beasts
  13 great orbs of eyes
  7 deep elf high priests
  9 entropy weavers
  2 monstrous demonspawn (Pan)
  11 spriggan air magi
  An iron giant zombie (Crypt:1)
  14 ogre magi
  3 hydras
  16 naga warriors
  The ghost of namelastname112 the Cleaver, a novice DrCK of Xom (D:11)
  12 anacondas
  6 merfolk avatars
  A ghost crab (shapeshifter) (Depths:2)
  2 death knights
  10 centaur warriors
  26 dancing weapons
  A catoblepas (D:15)
  3 merfolk aquamancers
  A death yak (shapeshifter) (Elf:3)
  8 naga sharpshooters
  16 small abominations
  8 deep troll earth magi
  12 deep troll shamans
  3 thrashing horrors
  Urug (D:14)
  11 tengu warriors
  14 vampire magi
  6 orc high priests
  A titan zombie (Tar:7)
  8 hell hogs
  6 spriggan berserkers
  39 deep elf knights
  A shock serpent (shapeshifter) (Depths:5)
  13 shock serpents
  A wretched star (Abyss:3)
  29 sun demons
  19 soul eaters
  3 storm dragon zombies
  A spatial maelstrom (Abyss:3)
  2 iron golems (Hell)
  2 salamander mystics
  A storm dragon skeleton (Tar:6)
  2 titan skeletons
  18 hell knights
  11 iron trolls
  A golden dragon zombie (Tar:6)
  A sea snake (shapeshifter) (Elf:3)
  24 sea snakes
  12 shadow wraiths
  11 unseen horrors
  29 deep trolls
  16 shadow demons
  65 skeletal warriors
  2 gelid demonspawn
  7 cherubim (Pan)
  62 death scarabs
  An infernal demonspawn (Pan)
  5 giant orange brains
  6 naga ritualists
  23 wizards
  A giant orange brain (shapeshifter) (Depths:1)
  21 phantasmal warriors
  A golden dragon skeleton (Tar:2)
  6 flayed ghosts
  2 putrid demonspawn (Pan)
  4 torturous demonspawn (Pan)
  18 ironbrand convokers
  14 orc knights
  A lindwurm (shapeshifter) (Vaults:5)
  12 necromancers
  20 deep elf archers
  2 tengu zombies
  9 hill giants
  31 anubis guards
  13 harpies
  A mana viper (shapeshifter) (Vaults:5)
  An orb spider (shapeshifter) (Vaults:2)
  An iron dragon zombie (Crypt:3)
  93 deep elf magi
  A frost giant zombie (Tomb:3)
  A wolf spider (shapeshifter) (Depths:2)
  8 mana vipers
  20 cyclopes
  3 human zombies
  A salamander (shapeshifter) (Elf:3)
  8 oklob plants
  3 manticores
  2 fire giant zombies
  2 wolf spiders
  46 ugly things
  4 shining eyes
  6 orc sorcerers
  A faun (Shoals:1)
  A sphinx skeleton (Vaults:1)
  A manticore (shapeshifter) (Elf:3)
  12 salamanders
  4 worldbinders
  7 elephants
  2 stone giant zombies
  8 sixfirhies
  15 griffons
  3 frost giant skeletons
  2 hornets (shapeshifter)
  3 iron dragon skeletons
  19 moths of wrath
  6 stone giant skeletons
  3 hornets
  5 sirens
  10 vault sentinels
  8 guardian serpents
  12 rust devils
  An elephant (shapeshifter) (Vaults:5)
  A black mamba (shapeshifter) (D:14)
  8 water nymphs
  A shock serpent zombie (Abyss:3)
  16 naga magi
  An octopode (shapeshifter) (Depths:3)
  44 black mambas
  5 ice statues
  An eye of devastation (shapeshifter) (Vaults:2)
  3 dire elephant skeletons (Crypt:3)
  An eye of devastation (Slime:2)
  21 smoke demons
  A dire elephant zombie (Hell)
  An apocalypse crab (Abyss:1)
  4 fire giant skeletons
  A gargoyle (D:14)
  An elephant slug zombie (Crypt:2)
  14 orange demons
  2 emperor scorpion zombies
  A death yak zombie (Crypt:2)
  3 rime drakes
  17 spiny frogs
  10 freezing wraiths
  3 kobold demonologists
  4 efreet (Pan)
  A komodo dragon (shapeshifter) (Depths:1)
  4 hellions
  10 tormentors
  An elf zombie (Depths:3)
  A yaktaur (shapeshifter) (Vaults:3)
  18 ice devils
  6 komodo dragons
  An alligator snapping turtle skeleton (Crypt:3)
  16 hellwings
  5 demonic crawlers
  A harpy zombie (Hell)
  12 red devils
  61 yaktaurs
  2 anaconda simulacra (IceCv)
  A death yak skeleton (Crypt:1)
  36 guardian mummies
  8 trolls
  5 tengu conjurers
  5 human skeletons
  20 merfolk
  3 polar bears
  2 ancient zymes (Abyss:3)
  2 jumping spiders
  A golden dragon simulacrum (IceCv)
  The ghost of pedritolo the Changer, an amateur DrTm (D:4)
  A jumping spider (shapeshifter) (Depths:1)
  22 two-headed ogres
  A wind drake (Shoals:4)
  A two-headed ogre (shapeshifter) (D:13)
  A harpy skeleton (Pan)
  An alligator zombie (Hell)
  An ice dragon zombie (Tar:2)
  12 snapping turtles
  10 raiju
  7 boulder beetles
  16 blink frogs
  78 slime creatures
  10 ushabtiu
  A bog body (Crypt:2)
  2 centaur simulacra
  6 spriggans
  3 ettin skeletons
  2 fire dragon skeletons (Crypt:3)
  9 wraiths
  64 flying skulls
  8 shadows
  2 dire elephant simulacra (IceCv)
  An ice dragon skeleton (Crypt:1)
  18 redbacks
  20 water elementals
  20 air elementals
  2 tarantellas (shapeshifter)
  13 ynoxinuls (Pan)
  37 yaks
  3 wyverns
  An alligator skeleton (Crypt:3)
  6 tarantellas
  13 chaos spawn
  A fire bat (shapeshifter) (Elf:1)
  10 fire elementals
  5 golden eyes (Pan)
  9 hippogriffs
  3 vampire mosquitoes
  A basilisk (shapeshifter) (Depths:2)
  2 basilisks
  13 wolves
  A hippogriff (shapeshifter) (Depths:2)
  2 elf skeletons
  A mottled dragon (Vaults:2)
  2 yaktaur simulacra
  13 neqoxecs
  A hungry ghost (Tar:7)
  50 nagas
  A soldier ant (shapeshifter) (Depths:5)
  2 insubstantial wisps
  2 harpy simulacra (IceCv)
  A soldier ant (D:14)
  17 water moccasins
  A glowing shapeshifter zombie (Crypt:3)
  7 wargs
  3 hydra simulacra (IceCv)
  A spiny frog zombie (Hell)
  18 porcupines
  17 hell hounds
  54 orc warriors
  3 spiny frog skeletons
  4 sky beasts
  An ettin simulacrum (Crypt:3)
  A wasp (shapeshifter) (Vaults:2)
  3 eyes of draining
  A black bear (D:9)
  7 wasps
  10 necrophages
  2 swamp dragon zombies
  7 ice beasts
  6 phantoms
  2 manticore zombies
  63 ogres
  23 boggarts
  24 centaurs
  14 crocodiles
  3 snapping turtle skeletons
  An elf simulacrum (Vaults:5)
  A yaktaur zombie (Crypt:2)
  17 giant frogs
  2 wyvern zombies (D:14)
  2 big kobolds
  2 gnoll sergeants
  A giant frog (shapeshifter) (Depths:4)
  A draconian skeleton (Crypt:2)
  4 earth elementals
  A glowing shapeshifter simulacrum (Vaults:5)
  A wyvern skeleton (D:7)
  3 scorpions
  A troll zombie (Crypt:2)
  6 killer bees (D:12)
  A water moccasin skeleton (D:9)
  A spriggan skeleton (Crypt:3)
  5 howler monkeys
  A howler monkey (shapeshifter) (Vaults:5)
  31 wights
  A yak skeleton (Crypt:1)
  14 electric eels
  12 crimson imps
  2 quasits
  2 centaur zombies
  10 hounds
  An iron imp (Zig:2)
  16 jellies
  A gnoll shaman (D:8)
  25 orc priests
  5 centaur skeletons
  30 orc wizards
  12 worker ants
  8 iguanas
  7 hell rats (Hell)
  A killer bee zombie (D:8)
  28 sheep
  A dwarf zombie (Crypt:2)
  3 hound skeletons
  51 mummies
  A howler monkey skeleton (Crypt:2)
  137 river rats
  15 adders
  31 gnolls
  4 shadow imps
  3 white imps (Lair:4)
  2 giant eyeballs (Pan)
  An ufetubus (Abyss:1)
  2 oozes
  A sheep zombie (Crypt:3)
  4 adder skeletons
  2 worms (D:2)
  2 giant geckos
  123 orcs
  A ball python (Snake:2)
  4 giant cockroaches
  9 goblins
  8 hobgoblins
  5 jackals
  13 kobolds
  3 quokkas
  16 bats
  A giant gecko skeleton (D:4)
  A giant newt (D:2)
  3 kobold skeletons (Crypt:3)
  A kobold zombie (Tar:7)
  A quokka skeleton (D:4)
  10 rats
  A butterfly (Lair:4)
  4 crawling corpses
  A fire vortex (Hell)
  A fungus (D:8)
  3 lost souls
  4 plants
3936 creatures vanquished.

Vanquished Creatures (collateral kills)
  5 frost giants
  2 vault wardens (Vaults:1)
  3 ironheart preservers
  3 vampire knights
  2 ettins
  6 vault guards
  An entropy weaver (Depths:5)
  A naga warrior (Snake:4)
  A deep troll earth mage (Depths:5)
  A naga sharpshooter (Snake:4)
  A hill giant (D:14)
  2 deep elf archers (Vaults:2)
  A putrid demonspawn (Depths:3)
  A phantasmal warrior (Vaults:2)
  An orc knight (Orc:2)
  A naga mage (Snake:3)
  A vault sentinel (Vaults:4)
  A yaktaur (Vaults:1)
  A hellwing (Lair:8)
  3 red devils
  2 two-headed ogres
  7 nagas
  2 orc warriors (Orc:2)
  2 ogres
  A centaur (D:15)
  2 orc wizards
  3 sheep (Lair:8)
  A gnoll (D:4)
  10 orcs
68 creatures vanquished.

Vanquished Creatures (others)
  A lich (Tomb:2)
  A tengu reaver (Vaults:5)
  A revenant (Zig:8)
  A shadow dragon (Vaults:5)
  A vault warden (Vaults:5)
  2 deep elf elementalists (Elf:3)
  A purple draconian (Zig:6)
  A black draconian (Zot:3)
  A mottled draconian (Zot:3)
  2 deep elf high priests
  A deep elf death mage (Vaults:5)
  2 yaktaur captains
  A large abomination (Elf:3)
  24 death scarabs
  An anubis guard (Tomb:2)
  A frost giant zombie (Tomb:2)
  A griffon (Vaults:3)
  2 sixfirhies
  2 yaktaurs
  A freezing wraith (D:14)
  A guardian mummy (Tomb:2)
  A blink frog (shapeshifter) (Zig:8)
  A vampire (D:14)
  3 flying skulls
  A water elemental (Zig:8)
  A fire elemental (Zig:8)
  18 dancing weapons
  An orc warrior (Vaults:5)
  A small abomination (Abyss:3)
  An ogre (Vaults:1)
  A centaur (D:14)
  An orc wizard (Vaults:5)
  4 orcs
  2 fire vortices (Hell)
  23 fungi
  5 lost souls
  24 plants
  5 spectral weapons
  6 starspawn tentacles (Abyss:3)
  71 starspawn tentacle segments (Abyss:3)
219 creatures vanquished.

Grand Total: 4223 creatures vanquished

Notes
Turn   | Place    | Note
--------------------------------------------------------------
     0 | D:1      | mopl the High Elf Enchanter began the quest for the Orb.
     0 | D:1      | Reached XP level 1. HP: 11/11 MP: 4/4
   624 | D:1      | Reached XP level 2. HP: 15/17 MP: 3/6
   628 | D:1      | Learned a level 2 spell: Ensorcelled Hibernation
  1120 | D:1      | Reached skill level 4 in Stealth
  1385 | D:2      | Reached skill level 2 in Short Blades
  1385 | D:2      | Reached XP level 3. HP: 21/21 MP: 4/7
  1530 | D:2      | Learned a level 3 spell: Confuse
  1607 | D:2      | Reached skill level 1 in Ice Magic
  2342 | D:2      | You fall through a shaft!
  2481 | D:3      | Reached XP level 4. HP: 27/27 MP: 5/9
  2825 | D:3      | Found a shadowy altar of Dithmenos.
  2836 | D:3      | Became a worshipper of Dithmenos the Shadowed
  2847 | D:3      | Upgraded the game from 0.18-a0-1539-g1c7284a to 0.18-a0-1542-g9c1a92e
  3096 | D:3      | Reached skill level 3 in Spellcasting
  3096 | D:3      | Reached skill level 4 in Hexes
  3096 | D:3      | Reached XP level 5. HP: 12/31 MP: 4/10
  3101 | D:3      | Learned a level 3 spell: Tukima's Dance
  3282 | D:4      | Reached skill level 5 in Stealth
  3547 | D:4      | Found an oddly glowing altar of Pakellas.
  3578 | D:4      | Reached skill level 3 in Short Blades
  3659 | D:3      | Reached XP level 6. HP: 16/36 MP: 2/11
  3932 | D:4      | Reached * piety under Dithmenos
  4006 | D:4      | Noticed pedritolo's ghost (amateur DrTm)
  4087 | D:4      | Reached skill level 6 in Stealth
  4087 | D:4      | Reached skill level 5 in Hexes
  4439 | D:4      | Killed pedritolo's ghost
  4439 | D:4      | Reached skill level 4 in Short Blades
  4439 | D:4      | Reached XP level 7. HP: 36/41 MP: 6/12
  4444 | D:4      | Learned a level 3 spell: Dazzling Spray
  4631 | D:5      | Entered Level 5 of the Dungeon
  4653 | D:5      | Found a sparkling altar of Nemelex Xobeh.
  4757 | D:5      | Found a blossoming altar of Fedhas.
  4790 | D:5      | Reached skill level 7 in Stealth
  4790 | D:5      | Reached skill level 6 in Hexes
  4843 | D:5      | Reached ** piety under Dithmenos
  4959 | D:5      | Reached XP level 8. HP: 26/46 MP: 6/13
  5059 | D:5      | Reached skill level 5 in Short Blades
  5059 | D:5      | Reached skill level 8 in Stealth
  5403 | D:6      | Reached skill level 7 in Hexes
  5648 | D:6      | Found a staircase to the Ecumenical Temple.
  5657 | D:6      | Found a white marble altar of Elyvilon.
  5658 | D:6      | Found an iron altar of Okawaru.
  5658 | D:6      | Found a shattered altar of Ashenzari.
  5659 | D:6      | Found a glowing silver altar of Zin.
  5734 | D:6      | Found a basalt altar of Yredelemnul.
  5735 | D:6      | Found an opulent altar of Gozag.
  5878 | D:6      | Reached skill level 9 in Stealth
  5942 | D:6      | Reached skill level 6 in Short Blades
  6064 | D:6      | Reached *** piety under Dithmenos
  6494 | D:7      | Reached XP level 9. HP: 51/51 MP: 14/14
  6520 | D:7      | Reached skill level 8 in Hexes
  7041 | D:7      | Reached skill level 10 in Stealth
  7357 | D:8      | Found a sacrificial altar of Ru.
  7433 | D:8      | Noticed a spiny frog
  7456 | D:8      | Killed a spiny frog
  7456 | D:8      | Reached skill level 9 in Hexes
  7475 | D:8      | Found a staircase to the Lair.
  7532 | D:8      | Reached skill level 7 in Short Blades
  8082 | D:8      | Reached **** piety under Dithmenos
  8423 | D:8      | Reached skill level 11 in Stealth
  8516 | Lair:1   | Entered Level 1 of the Lair of Beasts
  8704 | D:9      | Reached XP level 10. HP: 52/56 MP: 15/15
  8924 | D:9      | Reached ***** piety under Dithmenos
  9322 | D:10     | Entered Level 10 of the Dungeon
  9350 | D:10     | Noticed a hill giant
  9358 | D:10     | Killed a hill giant
  9358 | D:10     | Reached skill level 10 in Hexes
  9424 | D:10     | Learned a level 1 spell: Apportation
  9426 | D:10     | Learned a level 1 spell: Animate Skeleton
  9725 | D:10     | Found a staircase to the Orcish Mines.
  9772 | D:11     | Reached skill level 8 in Short Blades
 10133 | D:11     | Noticed a purple ugly thing
 10303 | Lair:1   | Reached skill level 12 in Stealth
 10579 | Lair:1   | Noticed a spiny frog
 10588 | Lair:1   | Killed a spiny frog
 10588 | Lair:1   | Reached skill level 11 in Hexes
 10935 | Lair:1   | Found an iron altar of Okawaru.
 11293 | Lair:2   | Noticed a black mamba
 11297 | Lair:2   | Killed a black mamba
 11297 | Lair:2   | Reached skill level 1 in Fighting
 11297 | Lair:2   | Reached skill level 1 in Shields
 11297 | Lair:2   | Reached XP level 11. HP: 61/63 MP: 16/16
 11512 | Lair:2   | Noticed an oklob plant
 11633 | Lair:2   | Reached skill level 9 in Short Blades
 11664 | Lair:2   | Reached skill level 3 in Dodging
 11664 | Lair:2   | Reached skill level 13 in Stealth
 12107 | Lair:2   | Noticed a six-headed hydra
 12138 | Lair:2   | Killed a six-headed hydra
 12138 | Lair:2   | Reached skill level 2 in Fighting
 12138 | Lair:2   | Reached skill level 2 in Shields
 12595 | Lair:3   | Reached skill level 3 in Fighting
 12601 | Lair:3   | Reached skill level 4 in Dodging
 12727 | Lair:3   | Got a brightly glowing chain mail
 12851 | Lair:2   | Reached skill level 3 in Shields
 12892 | Lair:1   | Identified the +2 chain mail "Batam" {rPois Str-3 SInv} (You found it on level 3 of the Lair of Beasts)
 13278 | Lair:3   | Reached skill level 4 in Fighting
 13278 | Lair:3   | Reached skill level 10 in Short Blades
 13278 | Lair:3   | Reached skill level 5 in Dodging
 13278 | Lair:3   | Reached skill level 14 in Stealth
 13730 | Lair:4   | Reached XP level 12. HP: 68/74 MP: 17/17
 14213 | Lair:4   | Noticed an ice dragon
 14454 | Lair:4   | Killed an ice dragon
 14488 | Lair:4   | Reached skill level 4 in Shields
 14640 | Lair:5   | Reached skill level 6 in Dodging
 15205 | Lair:5   | Found a staircase to the Snake Pit.
 15283 | Lair:5   | Noticed a five-headed hydra
 15344 | Lair:5   | Killed a five-headed hydra
 15344 | Lair:5   | Reached ****** piety under Dithmenos
 15344 | Lair:5   | Reached skill level 5 in Fighting
 15344 | Lair:5   | Reached skill level 4 in Spellcasting
 15965 | Lair:6   | Reached skill level 15 in Stealth
 16017 | Lair:6   | Reached skill level 7 in Dodging
 16300 | Lair:6   | Found a staircase to the Shoals.
 16784 | Lair:1   | Learned a level 6 spell: Invisibility
 16947 | Lair:7   | Reached skill level 1 in Throwing
 17098 | Lair:7   | Noticed Rupert
 17254 | Lair:7   | Reached skill level 5 in Spellcasting
 17648 | Lair:7   | Reached skill level 6 in Fighting
 17652 | Lair:7   | Reached skill level 2 in Throwing
 17847 | Lair:8   | Entered Level 8 of the Lair of Beasts
 17852 | Lair:8   | Reached skill level 5 in Shields
 17910 | Lair:8   | Reached XP level 13. HP: 81/83 MP: 21/21
 18209 | Lair:8   | Reached skill level 8 in Dodging
 18221 | Lair:8   | Reached skill level 3 in Throwing
 18417 | Lair:8   | Reached skill level 7 in Fighting
 18449 | Lair:8   | Reached skill level 4 in Throwing
 18483 | Lair:8   | Noticed a dire elephant
 18488 | Lair:8   | Killed a dire elephant
 18562 | Lair:8   | Found a burning altar of Makhleb.
 18567 | Lair:8   | Found a gateway to Hell.
 18881 | Lair:8   | Reached skill level 12 in Hexes
 19155 | Lair:8   | Reached skill level 9 in Dodging
 19188 | Lair:8   | Reached skill level 5 in Throwing
 19651 | Orc:1    | Entered Level 1 of the Orcish Mines
 19829 | Orc:1    | Found Bamil's Gadget Boutique.
 19904 | Orc:1    | Bought a wand of teleportation (5/9) for 432 gold pieces
 20120 | Orc:2    | Entered Level 2 of the Orcish Mines
 20121 | Orc:2    | Found a staircase to the Elven Halls.
 20299 | Orc:2    | Noticed an ettin
 20324 | Orc:2    | Killed an ettin
 20324 | Orc:2    | Reached skill level 8 in Fighting
 20549 | Orc:2    | Found a roughly hewn altar of Beogh.
 20549 | Orc:2    | Found Ihivus's General Store.
 20636 | Orc:2    | Bought a potion of haste for 150 gold pieces
 20636 | Orc:2    | Bought a scroll of teleportation for 45 gold pieces
 20697 | Orc:2    | Found a roughly hewn altar of Beogh.
 21165 | Orc:2    | Found a roughly hewn altar of Beogh.
 21230 | Orc:2    | Noticed a stone giant
 21390 | Orc:2    | Killed a stone giant
 21390 | Orc:2    | Reached skill level 6 in Throwing
 21449 | Orc:2    | Found a roughly hewn altar of Beogh.
 21453 | Orc:2    | Found Egyda's Book Boutique.
 21645 | Orc:2    | Reached XP level 14. HP: 90/95 MP: 19/22
 21678 | Orc:2    | Noticed an orc warlord
 22476 | Orc:2    | Killed an orc warlord
 22476 | Orc:2    | Reached skill level 10 in Dodging
 22483 | Orc:2    | Found a roughly hewn altar of Beogh.
 22483 | Orc:2    | Found Wipp's Antique Armour Shop.
 22488 | Orc:2    | Found Uwekhoywn's Antique Weapon Boutique.
 22518 | Orc:2    | Bought a runed rapier for 116 gold pieces
 22521 | Orc:2    | Bought a runed rapier for 116 gold pieces
 23080 | D:11     | Found Piyr's Assorted Antiques.
 23095 | D:11     | Bought a potion of heal wounds for 150 gold pieces
 23095 | D:11     | Bought a potion of heal wounds for 150 gold pieces
 23269 | D:11     | Noticed namelastname112's ghost (novice DrCK)
 23295 | D:11     | Killed namelastname112's ghost
 23841 | D:12     | Identified a scroll of acquirement
 23900 | D:12     | Got a smoking hat
 23911 | D:12     | Identified the +0 hat "Xuxumism" {rElec rN++ Str-2 Stlth+} (You acquired it on level 12 of the Dungeon)
 24090 | D:12     | Reached skill level 9 in Fighting
 24192 | D:12     | Reached skill level 7 in Throwing
 24236 | D:12     | Found a bloodstained altar of Trog.
 24314 | D:12     | Found Willin Suuh's Distillery.
 24317 | D:12     | Bought a potion of curing for 42 gold pieces
 24317 | D:12     | Bought a potion of curing for 42 gold pieces
 24317 | D:12     | Bought a potion of curing for 42 gold pieces
 24317 | D:12     | Bought 2 potions of heal wounds for 140 gold pieces
 24317 | D:12     | Bought a potion of heal wounds for 70 gold pieces
 24317 | D:12     | Bought a potion of heal wounds for 70 gold pieces
 24317 | D:12     | Bought a potion of berserk rage for 70 gold pieces
 24317 | D:12     | Bought a potion of haste for 140 gold pieces
 24640 | D:13     | Noticed namelastname112's ghost (journeyman DrMo)
 24651 | D:13     | Killed namelastname112's ghost
 24651 | D:13     | Reached skill level 13 in Hexes
 25114 | D:13     | Found Koobuol's Assorted Antiques.
 25122 | D:13     | Bought a scroll of identify for 60 gold pieces
 25232 | D:13     | Reached skill level 11 in Short Blades
 25260 | D:13     | Reached skill level 11 in Dodging
 25999 | D:14     | Noticed a sphinx
 25999 | D:14     | Noticed a shadow dragon
 25999 | D:14     | Noticed a storm dragon
 26003 | D:14     | Killed a storm dragon
 26003 | D:14     | Reached skill level 6 in Spellcasting
 26003 | D:14     | Reached XP level 15. HP: 103/103 MP: 18/25
 26025 | D:14     | Noticed Frances
 26049 | D:14     | Found a portal to a secret trove of treasure.
 26756 | Trove    | Entered a treasure trove
 26786 | Trove    | Got an encrusted hat
 26806 | Trove    | Got a clouded amber ring
 26808 | Trove    | Got a faintly glowing pewter ring
 26833 | Trove    | Identified the ring of Jubbaxke {rC+ MR++ Str-4 SInv Stlth+} (You found it in a treasure trove)
 26835 | Trove    | Identified the ring "Pesere" {+Fly Str-2 Slay+3 SInv} (You found it in a treasure trove)
 26848 | Trove    | Identified the +1 hat of Vanity {rElec MR- Regen+ rCorr} (You found it in a treasure trove)
 26858 | D:14     | Reached skill level 8 in Throwing
 27027 | D:14     | Killed a sphinx
 27043 | D:14     | Killed a shadow dragon
 27484 | Lair:2   | Reached skill level 10 in Fighting
 27692 | Lair:6   | Found a staircase to the Slime Pits.
 27821 | Shoals:1 | Entered Level 1 of the Shoals
 28263 | Shoals:1 | Reached skill level 7 in Spellcasting
 28539 | Shoals:2 | Reached skill level 12 in Dodging
 28662 | Shoals:2 | Found a frozen archway.
 28681 | IceCv    | Entered an ice cave
 28730 | IceCv    | Reached skill level 12 in Short Blades
 29072 | IceCv    | Reached skill level 9 in Throwing
 29266 | IceCv    | Reached skill level 14 in Hexes
 29399 | IceCv    | Noticed an Ice Fiend
 29714 | Shoals:2 | Reached skill level 1 in Conjurations
 29915 | Shoals:3 | Reached skill level 2 in Conjurations
 30017 | Shoals:4 | Entered Level 4 of the Shoals
 30074 | Shoals:3 | Found Ofiruff's Antique Weapon Shop.
 30219 | Shoals:3 | Reached XP level 16. HP: 47/111 MP: 20/28
 30419 | Shoals:3 | Reached skill level 3 in Conjurations
 30692 | Shoals:4 | Noticed Ilsuiw
 30704 | Shoals:4 | Killed Ilsuiw
 30757 | Shoals:4 | Reached skill level 11 in Fighting
 30814 | Shoals:4 | Noticed Aizul
 30834 | Shoals:4 | Killed Aizul
 31019 | Shoals:4 | Reached skill level 4 in Conjurations
 31065 | Shoals:4 | Got a barnacled rune of Zot
 31211 | Shoals:4 | Reached skill level 13 in Short Blades
 31446 | Shoals:4 | Learned a level 5 spell: Yara's Violent Unravelling
 31452 | Shoals:4 | Learned a level 4 spell: Petrify
 31702 | Shoals:4 | Reached skill level 13 in Dodging
 31739 | Shoals:4 | Reached skill level 10 in Throwing
 31758 | Shoals:4 | Reached skill level 5 in Conjurations
 32403 | D:14     | Noticed Urug
 32453 | D:14     | Killed Frances
 32453 | D:14     | Reached skill level 1 in Transmutations
 32455 | D:14     | Killed Urug
 32688 | D:14     | Found a gate to the Vaults.
 32691 | D:14     | Reached skill level 2 in Transmutations
 32871 | D:15     | Entered Level 15 of the Dungeon
 33099 | D:15     | Reached skill level 8 in Spellcasting
 33368 | D:15     | Reached XP level 17. HP: 92/118 MP: 26/30
 33387 | D:15     | Reached skill level 3 in Transmutations
 33611 | D:15     | Found a staircase to the Depths.
 33889 | Elf:1    | Entered Level 1 of the Elven Halls
 34248 | Elf:1    | Reached skill level 4 in Transmutations
 34468 | Elf:1    | Reached skill level 14 in Short Blades
 34559 | Elf:1    | Found Ijok's Weapon Shop.
 34731 | Elf:1    | Reached skill level 9 in Spellcasting
 34799 | Elf:1    | Reached skill level 11 in Throwing
 34839 | Elf:1    | Reached skill level 12 in Fighting
 35222 | Elf:1    | Reached skill level 5 in Transmutations
 35236 | Elf:1    | Reached skill level 14 in Dodging
 35705 | Elf:2    | Got a pair of slimy gloves
 35716 | Elf:2    | Identified the +0 pair of gloves "Ejodoff" {rC- rN+ rCorr Int+3} (You acquired it on level 2 of the Elven Halls)
 35960 | Elf:2    | Reached skill level 10 in Spellcasting
 36097 | Elf:2    | Found a runed gate.
 36097 | Elf:2    | Found a runed gate.
 36097 | Elf:2    | Found a runed gate.
 36151 | Elf:2    | Reached skill level 6 in Transmutations
 36573 | Elf:2    | Reached XP level 18. HP: 65/126 MP: 17/33
 36968 | Elf:3    | Entered Level 3 of the Elven Halls
 36971 | Elf:3    | Found Loaw's Book Shoppe.
 37024 | Elf:3    | Reached skill level 7 in Transmutations
 37095 | Elf:3    | Found Lijif's Gadget Emporium.
 37298 | Elf:3    | Reached skill level 12 in Throwing
 37349 | Elf:3    | Found Inylutayt's Gadget Boutique.
 37428 | Elf:3    | Found Qef Turag's Distillery.
 37432 | Elf:3    | Found Deilawi's Antique Armour Boutique.
 37626 | Elf:3    | Noticed Louise
 37638 | Elf:3    | Killed Louise
 37973 | Elf:3    | Noticed an Ice Fiend
 38023 | Elf:3    | Got a coiled iron ring
 38026 | Elf:3    | Identified the ring "Isotted" {Wiz rN+} (You took it off a deep elf demonologist on level 3 of the Elven Halls)
 38077 | Elf:3    | Got an encrusted demon blade {vamp}
 38078 | Elf:3    | Identified the +5 demon blade of the Many Lives {vamp, Str+6} (You took it off a deep elf demonologist on level 3 of the Elven Halls)
 38187 | Elf:3    | Reached skill level 13 in Fighting
 38264 | Elf:2    | Reached skill level 8 in Transmutations
 38437 | Elf:3    | Noticed a Hell Sentinel
 38568 | Elf:3    | Noticed a Hell Sentinel
 38814 | Elf:3    | Reached skill level 6 in Shields
 38904 | Elf:3    | Reached skill level 16 in Stealth
 39003 | Elf:3    | Got an ichor-stained spear {pierce}
 39004 | Elf:3    | Identified the +5 spear of Hell's Wrath {pierce, rElec rC+} (You took it off a deep elf annihilator on level 3 of the Elven Halls)
 39295 | Elf:3    | Reached skill level 7 in Shields
 39449 | Elf:3    | Got a turquoise-studded chain mail
 39460 | Elf:3    | Identified the +1 chain mail of Lethargy {Regen+} (You found it on level 3 of the Elven Halls)
 39472 | Elf:3    | Got a crystal short sword
 39473 | Elf:3    | Identified the cursed +1 short sword "Townegah" {pierce, Int+3} (You found it on level 3 of the Elven Halls)
 39595 | Elf:3    | Learned a level 5 spell: Silence
 39625 | Elf:3    | Got a scorched chain mail
 39637 | Elf:3    | Identified the +6 chain mail of the Cicada {SInv Stlth+} (You found it on level 3 of the Elven Halls)
 39697 | Elf:3    | Learned a level 3 spell: Regeneration
 40061 | Elf:3    | Reached XP level 19. HP: 135/135 MP: 34/34
 40476 | Snake:1  | Entered Level 1 of the Snake Pit
 40569 | Snake:1  | Reached skill level 8 in Shields
 40846 | Snake:1  | Gained mutation: Your muscles are strong. (Str +2) [potion of beneficial mutation]
 41123 | Snake:2  | Reached skill level 1 in Charms
 41133 | Snake:2  | 4thArraOfDagon: i killed myself
 41135 | Snake:2  | 4thArraOfDagon: :(
 41136 | Snake:2  | mopl: erf...
 41136 | Snake:2  | mopl: how did it happen ?
 41142 | Snake:2  | 4thArraOfDagon: was goin back and forth on the water
 41163 | Snake:2  | 4thArraOfDagon: like this
 41250 | Snake:2  | mopl: swamp ?
 41283 | Snake:2  | 4thArraOfDagon: and snapping turtle happily hit me
 41297 | Snake:2  | 4thArraOfDagon: like 20times
 41297 | Snake:2  | mopl: schoals then
 41297 | Snake:2  | 4thArraOfDagon: because i don't read messages
 41297 | Snake:2  | mopl: oh chei...
 41297 | Snake:2  | mopl: I get this :s
 41315 | Snake:2  | 4thArraOfDagon: it was not because of chei
 41317 | Snake:2  | mopl: that you were hurt so many times
 41367 | Snake:2  | 4thArraOfDagon: i got hit for 20 turns
 41376 | Snake:2  | 4thArraOfDagon: because i don't read messages
 41376 | Snake:2  | mopl: oops
 41400 | Snake:2  | 4thArraOfDagon: i need force message
 41872 | Snake:2  | 4thArraOfDagon: are you sure you want to keep walking while monster hiting you? YES
 42159 | Snake:2  | mopl: lol
 42161 | Snake:3  | mopl: yara is surprisingly strong...
 42187 | Snake:3  | Reached skill level 2 in Charms
 42212 | Snake:3  | Reached skill level 1 in Necromancy
 42226 | Snake:3  | Reached skill level 9 in Shields
 42568 | Snake:3  | Reached skill level 3 in Charms
 42580 | Snake:3  | Reached skill level 11 in Spellcasting
 42750 | Snake:4  | Entered Level 4 of the Snake Pit
 42750 | Snake:4  | Noticed Roxanne
 42789 | Snake:4  | Reached skill level 2 in Necromancy
 42826 | Snake:4  | Found Moang's Jewellery Shop.
 43610 | Snake:4  | Reached skill level 4 in Charms
 43866 | Snake:4  | mopl: I hate this layout...
 43885 | Snake:4  | Reached skill level 10 in Shields
 44029 | Snake:4  | Reached skill level 3 in Necromancy
 44278 | Snake:4  | Reached skill level 1 in Air Magic
 44312 | Snake:4  | Reached skill level 5 in Charms
 44476 | Snake:4  | Reached skill level 2 in Air Magic
 44662 | Snake:4  | Reached XP level 20. HP: 135/141 MP: 15/36
 44758 | Snake:4  | Reached skill level 3 in Air Magic
 44878 | Snake:4  | Got a serpentine rune of Zot
 44973 | Snake:4  | mopl: there could be passwall here...
 45063 | Snake:4  | Reached skill level 6 in Charms
 45102 | Snake:4  | Killed Roxanne
 45102 | Snake:4  | Reached skill level 11 in Shields
 45102 | Snake:4  | Reached skill level 12 in Spellcasting
 45117 | Snake:4  | Identified Roxanne's Grimoire of the Unstable Rocks (You took it off Roxanne on level 4 of the Snake Pit)
 45333 | Lair:1   | Learned a level 3 spell: Spectral Weapon
 45517 | Lair:7   | Killed Rupert
 45664 | Lair:7   | Reached skill level 4 in Air Magic
 46048 | Vaults:1 | Entered Level 1 of the Vaults
 46513 | Vaults:1 | Reached skill level 5 in Air Magic
 46579 | Vaults:1 | Noticed Asterion
 46582 | Vaults:1 | Killed Asterion
 46582 | Vaults:1 | Reached skill level 7 in Charms
 46603 | Vaults:1 | Noticed Nikola
 46627 | Vaults:1 | Killed Nikola
 46986 | Vaults:2 | Reached skill level 12 in Shields
 47048 | Vaults:2 | Reached skill level 6 in Air Magic
 47643 | Vaults:1 | Reached skill level 8 in Charms
 47893 | Vaults:1 | Reached skill level 13 in Spellcasting
 48086 | Vaults:1 | Reached skill level 7 in Air Magic
 48387 | Vaults:1 | Reached XP level 21. HP: 124/146 MP: 36/39
 48496 | Vaults:1 | Reached skill level 9 in Charms
 48913 | Vaults:2 | Reached skill level 15 in Dodging
 49011 | Vaults:2 | Reached skill level 8 in Air Magic
 49128 | Vaults:2 | Found a staircase to the Crypt.
 49944 | Lair:1   | Learned a level 6 spell: Deflect Missiles
 50264 | Vaults:3 | Reached skill level 14 in Fighting
 50464 | Vaults:3 | Reached skill level 9 in Air Magic
 50494 | Vaults:3 | Reached skill level 10 in Charms
 50690 | Vaults:3 | Found Salaoxtyrch's Antique Weapon Shop.
 51256 | Vaults:3 | Reached skill level 14 in Spellcasting
 51665 | Vaults:3 | Reached skill level 10 in Air Magic
 52210 | Vaults:4 | Reached skill level 16 in Dodging
 52266 | Vaults:4 | Reached skill level 11 in Charms
 52542 | Vaults:4 | Reached XP level 22. HP: 151/155 MP: 26/41
 53321 | Elf:3    | Bought a potion of resistance for 160 gold pieces
 53321 | Elf:3    | Bought a potion of curing for 48 gold pieces
 53321 | Elf:3    | Bought a potion of heal wounds for 80 gold pieces
 53321 | Elf:3    | Bought a potion of resistance for 160 gold pieces
 53321 | Elf:3    | Bought a potion of curing for 48 gold pieces
 53321 | Elf:3    | Bought a potion of might for 64 gold pieces
 53327 | Elf:3    | Bought a silken robe for 216 gold pieces
 53327 | Elf:3    | Bought an ichor-stained robe for 216 gold pieces
 53327 | Elf:3    | Identified the +2 robe of Ocupoen {MR+ MP-9 Int+7 Dex-3} (You bought it in a shop on level 3 of the Elven Halls)
 53328 | Elf:3    | Identified the +4 robe of Limited Liability {*Contam MR++ rCorr} (You bought it in a shop on level 3 of the Elven Halls)
 53483 | Orc:2    | Bought a book of Burglary for 1125 gold pieces
 53486 | Orc:2    | Learned a level 2 spell: Passwall
 53791 | Depths:1 | Entered Level 1 of the Depths
 54065 | Depths:1 | Found a glowing silver altar of Zin.
 54413 | Depths:1 | Reached skill level 15 in Fighting
 54473 | Depths:1 | Reached skill level 12 in Charms
 54485 | Depths:1 | Paralysed by a sphinx for 6 turns
 54515 | Depths:1 | Reached skill level 15 in Spellcasting
 54575 | Depths:1 | Found a gateway to a ziggurat.
 55664 | Depths:1 | Got a slimy leather armour
 55665 | Depths:1 | Identified the +4 leather armour of the Gate {rElec Str-4 Int-5 Dex+6} (You took it off a vampire mage on level 1 of the Depths)
 55712 | Depths:1 | Found a one-way gate to the infinite horrors of the Abyss.
 55866 | Depths:2 | Learned a level 5 spell: Lee's Rapid Deconstruction
 56018 | Depths:2 | Reached skill level 1 in Earth Magic
 56104 | Depths:2 | Reached skill level 16 in Spellcasting
 56190 | Depths:2 | Reached skill level 16 in Fighting
 56207 | Depths:2 | Reached skill level 2 in Earth Magic
 56330 | Depths:2 | Reached skill level 3 in Earth Magic
 56734 | Depths:2 | Found Suimol's Gadget Emporium.
 56750 | Depths:2 | Reached XP level 23. HP: 164/166 MP: 23/44
 56874 | Depths:2 | Reached skill level 4 in Earth Magic
 57714 | Depths:3 | Identified the Almanac of the Entourage
 57894 | Depths:3 | Reached skill level 5 in Earth Magic
 58123 | Depths:3 | Noticed Boris
 58134 | Depths:3 | Found a one-way gate leading to the halls of Pandemonium.
 58232 | Depths:3 | Killed Boris
 58495 | Depths:3 | Noticed Mennas
 58531 | Depths:3 | Killed Mennas
 58531 | Depths:3 | Reached skill level 17 in Spellcasting
 58674 | Depths:3 | Found a runed door.
 58779 | Depths:3 | Reached skill level 17 in Fighting
 58820 | Depths:3 | Reached skill level 6 in Earth Magic
 58953 | Depths:3 | Got a smoking arbalest
 58954 | Depths:3 | Identified the +11 arbalest of the Onslaught {freeze, +Blink Int+4} (You found it on level 3 of the Depths)
 60035 | Depths:4 | Noticed an iron giant
 60119 | Depths:4 | Killed an iron giant
 60119 | Depths:4 | Reached skill level 7 in Earth Magic
 60541 | Depths:4 | Reached skill level 1 in Translocations
 60859 | Depths:4 | Reached skill level 2 in Translocations
 60920 | Depths:5 | Entered Level 5 of the Depths
 61120 | Depths:2 | Reached skill level 3 in Translocations
 61120 | Depths:2 | Reached XP level 24. HP: 177/177 MP: 35/45
 61355 | Vaults:3 | Reached skill level 18 in Spellcasting
 61442 | Vaults:5 | Entered Level 5 of the Vaults
 61521 | Vaults:4 | Reached skill level 8 in Earth Magic
 61540 | Vaults:4 | Reached skill level 4 in Translocations
 61974 | Vaults:4 | Reached skill level 18 in Fighting
 62485 | Slime:1  | Entered Level 1 of the Pits of Slime
 62543 | Slime:2  | Reached skill level 5 in Translocations
 62693 | Slime:4  | Gained mutation: You are frail (-10% HP). [a shining eye]
 62736 | Slime:4  | Noticed Dissolution
 62785 | Slime:4  | Killed Dissolution
 62859 | Slime:5  | Reached skill level 9 in Earth Magic
 62898 | Slime:6  | Entered Level 6 of the Pits of Slime
 63109 | Slime:6  | Noticed the Royal Jelly
 63114 | Slime:6  | Found a viscous altar of Jiyva.
 63123 | Slime:6  | Killed the Royal Jelly
 63149 | Slime:6  | Got a crude ring mail
 63254 | Slime:6  | Got a slimy rune of Zot
 63277 | Slime:6  | Identified the +0 ring mail of Yschuenne {-Cast MP-9 SInv Stlth+} (You found it on level 6 of the Pits of Slime)
 63289 | Slime:6  | Got a spiked scale mail
 63290 | Slime:6  | Identified the +1 scale mail of Broken Taboos {Int+2} (You found it on level 6 of the Pits of Slime)
 63301 | Slime:6  | Identified the Compendium of the Feathery Oath
 63634 | Lair:1   | Learned a level 6 spell: Statue Form
 63872 | Crypt:1  | Entered Level 1 of the Crypt
 64048 | Crypt:1  | Reached skill level 19 in Spellcasting
 64730 | Crypt:2  | Reached skill level 17 in Stealth
 64935 | Crypt:2  | Reached skill level 10 in Earth Magic
 65135 | Crypt:2  | Noticed Khufu
 65137 | Crypt:2  | Noticed a greater mummy
 65245 | Crypt:1  | Reached skill level 9 in Transmutations
 65480 | Crypt:2  | Killed a greater mummy
 65480 | Crypt:2  | Reached XP level 25. HP: 135/166 MP: 39/47
 65502 | Crypt:2  | Killed Khufu
 65597 | Crypt:2  | Noticed Jory
 65624 | Crypt:2  | Killed Jory
 65624 | Crypt:2  | Reached skill level 18 in Stealth
 65731 | Crypt:3  | Entered Level 3 of the Crypt
 65731 | Crypt:3  | Noticed Jorgrun
 65750 | Crypt:2  | Killed Jorgrun
 65750 | Crypt:2  | Reached skill level 10 in Transmutations
 66004 | Crypt:3  | Found a staircase to the Tomb.
 66311 | Crypt:3  | Reached skill level 11 in Transmutations
 66412 | Crypt:3  | Identified a +7 rod of inaccuracy (14/14) (You found it on level 3 of the Crypt)
 66676 | Crypt:3  | Reached skill level 11 in Earth Magic
 66835 | Crypt:3  | Noticed an ancient lich
 66879 | Crypt:3  | Killed an ancient lich
 66921 | Crypt:3  | Identified the Handbook of the Raven (You found it on level 3 of the Crypt)
 67341 | Crypt:3  | Found a basalt altar of Yredelemnul.
 67478 | Tomb:1   | Entered Level 1 of the Tomb of the Ancients
 67660 | Tomb:1   | Reached skill level 13 in Shields
 67783 | Tomb:1   | Noticed a greater mummy
 67785 | Tomb:1   | Reached skill level 19 in Fighting
 67804 | Tomb:1   | Noticed Frederick
 67810 | Tomb:1   | Killed a greater mummy
 67852 | Tomb:1   | Killed Frederick
 67923 | Tomb:1   | Gained mutation: You tend to lose your temper in combat. [a cacodemon]
 68011 | Tomb:1   | Noticed a greater mummy
 68039 | Tomb:1   | Killed a greater mummy
 68090 | Tomb:1   | Noticed a greater mummy
 68124 | Tomb:1   | Killed a greater mummy
 68124 | Tomb:1   | Reached skill level 17 in Dodging
 68283 | Tomb:2   | Noticed a greater mummy
 68316 | Tomb:2   | Noticed a greater mummy
 68318 | Tomb:2   | Noticed a greater mummy
 68817 | Depths:1 | Voluntarily entered the Abyss.
 68956 | Abyss:2  | Got a blackened plate armour
 68957 | Abyss:2  | Identified the +7 plate armour of Mezcal {rN+++ MR- Regen+} (You found it on level 2 of the Abyss)
 69156 | Abyss:3  | Found a corrupted altar of Lugonu.
 69194 | Abyss:3  | Found a corrupted altar of Lugonu.
 69356 | Abyss:3  | Reached XP level 26. HP: 174/174 MP: 46/47
 69471 | Abyss:3  | Found a corrupted altar of Lugonu.
 69484 | Abyss:3  | Got an abyssal rune of Zot
 69776 | Depths:1 | Escaped the Abyss
 69827 | Depths:1 | Learned a level 6 spell: Darkness
 70485 | Tomb:2   | Noticed a greater mummy
 70546 | Tomb:1   | Killed a greater mummy
 70599 | Tomb:1   | Lost mutation: You tend to lose your temper in combat. [potion of cure mutation]
 70599 | Tomb:1   | Lost mutation: You are frail (-10% HP). [potion of cure mutation]
 70599 | Tomb:1   | Lost mutation: Your muscles are strong. (Str +2) [potion of cure mutation]
 70667 | Tomb:1   | Killed a greater mummy
 70679 | Tomb:1   | Reached skill level 14 in Shields
 70709 | Tomb:1   | Killed a greater mummy
 70825 | Tomb:2   | Killed a greater mummy
 71648 | Tomb:1   | Noticed a greater mummy
 71680 | Tomb:2   | Killed a greater mummy
 71707 | Tomb:1   | Noticed a greater mummy
 71729 | Tomb:1   | Noticed a greater mummy
 71733 | Tomb:1   | Killed a greater mummy
 71792 | Tomb:1   | Killed a greater mummy
 72052 | Tomb:1   | Noticed a greater mummy
 72080 | Tomb:1   | Killed a greater mummy
 72080 | Tomb:1   | Reached skill level 20 in Fighting
 72080 | Tomb:1   | Reached skill level 18 in Dodging
 72088 | Tomb:1   | Noticed a greater mummy
 72091 | Tomb:1   | Killed a greater mummy
 72115 | Tomb:1   | Noticed a greater mummy
 72139 | Tomb:1   | Killed a greater mummy
 72215 | Tomb:1   | Noticed a greater mummy
 72239 | Tomb:1   | Killed a greater mummy
 72261 | Tomb:1   | Noticed a greater mummy
 72261 | Tomb:1   | Noticed a greater mummy
 72296 | Tomb:1   | Killed a greater mummy
 72297 | Tomb:1   | Killed a greater mummy
 72335 | Tomb:1   | Noticed a greater mummy
 72358 | Tomb:1   | Killed a greater mummy
 72393 | Tomb:1   | Noticed a greater mummy
 72419 | Tomb:1   | Killed a greater mummy
 72509 | Tomb:1   | Noticed a greater mummy
 72541 | Tomb:1   | Killed a greater mummy
 72541 | Tomb:1   | Reached skill level 15 in Shields
 72545 | Tomb:1   | Noticed a greater mummy
 72548 | Tomb:1   | Noticed a greater mummy
 72556 | Tomb:1   | Killed a greater mummy
 72556 | Tomb:1   | Reached skill level 20 in Spellcasting
 72574 | Tomb:1   | Killed a greater mummy
 72580 | Tomb:1   | Noticed a greater mummy
 72606 | Tomb:1   | Killed a greater mummy
 72606 | Tomb:1   | Reached skill level 13 in Throwing
 72811 | Tomb:3   | Entered Level 3 of the Tomb of the Ancients
 72970 | Tomb:3   | Noticed a greater mummy
 72989 | Tomb:2   | Reached XP level 27. HP: 202/202 MP: 43/48
 73023 | Tomb:3   | Noticed a greater mummy
 73132 | Tomb:3   | Noticed a greater mummy
 73188 | Tomb:3   | Noticed a greater mummy
 73211 | Tomb:2   | Killed a greater mummy
 73308 | Tomb:3   | Noticed a greater mummy
 73308 | Tomb:3   | Noticed a greater mummy
 73450 | Tomb:2   | Killed a greater mummy
 73450 | Tomb:2   | Lost strength.
 73450 | Tomb:2   | Reached skill level 19 in Stealth
 73461 | Tomb:2   | Killed a greater mummy
 73461 | Tomb:2   | Reached skill level 14 in Throwing
 75192 | Tomb:2   | Killed a greater mummy
 75210 | Tomb:2   | Killed a greater mummy
 75299 | Tomb:2   | Killed a greater mummy
 75304 | Tomb:2   | Reached skill level 20 in Stealth
 75347 | Tomb:2   | Reached skill level 15 in Throwing
 75364 | Tomb:3   | Noticed a greater mummy
 75419 | Tomb:2   | Killed a greater mummy
 75536 | Tomb:3   | Noticed a greater mummy
 75588 | Tomb:2   | Killed a greater mummy
 75635 | Tomb:3   | Noticed a greater mummy
 75668 | Tomb:3   | Killed a greater mummy
 75836 | Tomb:3   | Reached skill level 19 in Dodging
 76001 | Tomb:3   | Identified Sif Muna's Almanac of Warped Transmigration
 76007 | Tomb:3   | Got a clouded silver ring
 76013 | Tomb:3   | Identified the ring "Ifisoaxu" {Fire rN+} (You found it on level 3 of the Tomb of the Ancients)
 76073 | Tomb:3   | Got a golden rune of Zot
 76130 | Tomb:3   | Got an iridescent rapier
 76131 | Tomb:3   | Identified the +4 rapier "Liadgh" {pierce, rF+ Stlth+} (You found it on level 3 of the Tomb of the Ancients)
 76327 | Tomb:3   | Identified the Reference Book on Translocation
 76356 | Zig:1    | Entered Level 1 of a ziggurat
 76380 | Zig:2    | Entered Level 2 of a ziggurat
 76425 | Zig:2    | Identified the Compendium of the Entourage and Cold
 76429 | Zig:3    | Entered Level 3 of a ziggurat
 76465 | Zig:4    | Entered Level 4 of a ziggurat
 76468 | Zig:4    | Noticed Kupraeraa the pandemonium lord
 76476 | Zig:4    | Killed Kupraeraa the pandemonium lord
 76482 | Zig:4    | Cast into level 4 of the Abyss (reaper)
 76536 | Zig:4    | Escaped the Abyss
 76575 | Zig:5    | Entered Level 5 of a ziggurat
 76629 | Zig:5    | Got a pair of polished gloves
 76641 | Zig:5    | Identified the +2 pair of gloves of Pekh {+Fly MR+ Regen+} (You acquired it on level 5 of a ziggurat)
 76674 | Zig:6    | Entered Level 6 of a ziggurat
 76818 | Zig:7    | Entered Level 7 of a ziggurat
 76911 | Zig:7    | Gained mutation: You have sharp toenails. [potion of beneficial mutation]
 76913 | Zig:7    | Identified the Guide on Displaced Changing (You found it on level 7 of a ziggurat)
 76950 | Zig:8    | Entered Level 8 of a ziggurat
 76964 | Zig:8    | Reached skill level 21 in Fighting
 76982 | Zig:8    | Reached skill level 16 in Throwing
 77021 | Zig:8    | Got a slimy plate armour
 77022 | Zig:8    | Identified the +5 plate armour of Jim Lol {rElec rC+} (You found it on level 8 of a ziggurat)
 77189 | Zig:9    | Entered Level 9 of a ziggurat
 77205 | Zig:9    | Noticed Fuoqeim the pandemonium lord
 77217 | Zig:9    | Killed Fuoqeim the pandemonium lord
 77269 | Zig:9    | Reached skill level 15 in Short Blades
 78308 | Hell     | Entered the Vestibule of Hell
 78308 | Hell     | Noticed Geryon
 78311 | Hell     | Killed Geryon
 78552 | Lair:1   | Learned a level 4 spell: Passage of Golubria
 78758 | Depths:5 | Upgraded the game from 0.18-a0-1542-g9c1a92e to 0.18-a0-1551-g40744a8
 79221 | Depths:5 | Reached skill level 6 in Translocations
 79388 | Depths:5 | Found a gate to the Realm of Zot.
 79396 | Depths:5 | Reached skill level 20 in Dodging
 79754 | Depths:1 | Reached skill level 7 in Translocations
 79786 | Zig:1    | Entered Level 1 of a ziggurat
 79802 | Zig:2    | Entered Level 2 of a ziggurat
 79832 | Zig:3    | Entered Level 3 of a ziggurat
 79916 | Zig:4    | Entered Level 4 of a ziggurat
 79982 | Zig:5    | Entered Level 5 of a ziggurat
 80133 | Zig:6    | Entered Level 6 of a ziggurat
 80174 | Zig:6    | Got a steaming wooden ring
 80175 | Zig:6    | Identified the ring of the Jolly Seas {Fire MR+} (You found it on level 6 of a ziggurat)
 80303 | Zig:7    | Entered Level 7 of a ziggurat
 80389 | Zig:8    | Entered Level 8 of a ziggurat
 80395 | Zig:8    | Noticed an ancient lich
 80404 | Zig:8    | Reached skill level 8 in Translocations
 80429 | Zig:8    | Killed an ancient lich
 80449 | Zig:8    | Reached skill level 21 in Spellcasting
 80457 | Zig:8    | Identified the Almanac of Stolen Souls
 80462 | Zig:8    | Got a steaming short sword
 80463 | Zig:8    | Identified the +11 short sword of Iqepae {venom, *Corrode rPois MR++ Stlth+} (You found it on level 8 of a ziggurat)
 80617 | Zig:9    | Entered Level 9 of a ziggurat
 80629 | Zig:9    | Noticed Xeuw the pandemonium lord
 80662 | Zig:9    | Killed Xeuw the pandemonium lord
 80688 | Zig:9    | Reached skill level 9 in Translocations
 80714 | Zig:9    | Reached skill level 22 in Fighting
 80720 | Zig:9    | Identified Eloehuoh's Papyrus of Unholy Conjuration (You found it on level 9 of a ziggurat)
 80735 | Zig:9    | Identified Beoss's Volume of Shape Shifting and the Rocks
 80747 | Zig:9    | Got a steaming garnet amulet
 80748 | Zig:9    | Identified the amulet of the Scavenger {RegenMP MP+9} (You found it on level 9 of a ziggurat)
 80765 | Zig:9    | Gained mutation: Your magical capacity is low (-10% MP). [mutagenic glow]
 80906 | Zig:10   | Entered Level 10 of a ziggurat
 81019 | Zig:10   | Got a bloodstained leather armour
 81020 | Zig:10   | Identified the +1 leather armour "Jiuma" {MR+ rCorr Dex+5} (You found it on level 10 of a ziggurat)
 81030 | Zig:10   | Got a blackened dagger
 81031 | Zig:10   | Identified the +9 dagger of the Foot {venom, rElec MP+9 Int-3 Stlth+} (You found it on level 10 of a ziggurat)
 81251 | D:13     | Got an encrusted short sword
 81252 | D:13     | Identified the +8 short sword of Xecigat {freeze, rC+ MP+9 Str-3} (You found it on level 13 of the Dungeon)
 81436 | Pan      | Entered Pandemonium
 81479 | Pan      | Noticed Enteurgh the pandemonium lord
 81575 | Pan      | Got a demonic rune of Zot
 81591 | Pan      | Reached skill level 10 in Translocations
 81649 | Pan      | Gained mutation: You are frail (-10% HP). [a cacodemon]
 81656 | Pan      | Gained mutation: Your spells are a little easier to cast, but a little less powerful. [a cacodemon]
 81658 | Pan      | Found an exit through the horrors of the Abyss.
 81673 | Pan      | Took an exit into the Abyss.
 81673 | Abyss:1  | Escaped into the Abyss
 81673 | Abyss:1  | Found a corrupted altar of Lugonu.
 81900 | Depths:3 | Escaped the Abyss
 81907 | Depths:3 | Lost mutation: Your magical capacity is low (-10% MP). [potion of cure mutation]
 81907 | Depths:3 | Lost mutation: You have sharp toenails. [potion of cure mutation]
 81907 | Depths:3 | Lost mutation: You are frail (-10% HP). [potion of cure mutation]
 81924 | Pan      | Entered Pandemonium
 81960 | Pan      | Found an exit through the horrors of the Abyss.
 81978 | Pan      | Gained mutation: You expend magic power (3 MP) to strengthen your wands. [a cacodemon]
 82060 | Pan      | Noticed Xenow the pandemonium lord
 82144 | Pan      | Reached skill level 21 in Dodging
 82322 | Pan      | Learned a level 2 spell: Blink
 82324 | Pan      | Noticed Xuudder the pandemonium lord
 82544 | Pan      | Gained mutation: You are clumsy. (Dex -2) [a neqoxec]
 82562 | Pan      | Gained mutation: Armour fits poorly on your strangely shaped body. [a neqoxec]
 82580 | Pan      | Found an exit through the horrors of the Abyss.
 82585 | Pan      | Took an exit into the Abyss.
 82585 | Abyss:1  | Escaped into the Abyss
 82798 | Abyss:2  | Found a corrupted altar of Lugonu.
 82926 | Abyss:3  | Found a corrupted altar of Lugonu.
 83067 | Abyss:3  | Identified Icwaqoq's Compendium of the Hurtful Blaze (You found it on level 3 of the Abyss)
 83121 | Depths:3 | Escaped the Abyss
 83125 | Depths:3 | Lost mutation: Armour fits poorly on your strangely shaped body. [potion of cure mutation]
 83125 | Depths:3 | Lost mutation: You are clumsy. (Dex -2) [potion of cure mutation]
 83125 | Depths:3 | Lost mutation: Your spells are a little easier to cast, but a little less powerful. [potion of cure mutation]
 83128 | Pan      | Entered Pandemonium
 83154 | Pan      | Found an exit through the horrors of the Abyss.
 83357 | Pan      | Noticed Hanoth the pandemonium lord
 83433 | Pan      | Reached skill level 11 in Translocations
 83642 | Pan      | Entered the realm of Mnoleg.
 83700 | Pan      | Gained mutation: Your spells are a little easier to cast, but a little less powerful. [a neqoxec]
 83702 | Pan      | Gained mutation: You are clumsy. (Dex -2) [a neqoxec]
 83729 | Pan      | Noticed Mnoleg
 83738 | Pan      | Identified the Collected Works on Destructive Cold
 83748 | Pan      | Found an exit through the horrors of the Abyss.
 83788 | Pan      | Paralysed by a giant eyeball for 4 turns
 83811 | Pan      | Paralysed by a giant eyeball for 4 turns
 83813 | Pan      | Gained mutation: You are dopey. (Int -2) [a cacodemon]
 83855 | Pan      | Gained mutation: You are very dopey. (Int -4) [a cacodemon]
 83867 | Pan      | Reached skill level 22 in Spellcasting
 83904 | Pan      | Paralysed by a giant eyeball for 4 turns
 83960 | Pan      | Gained mutation: Your magical capacity is low (-10% MP). [a cacodemon]
 83965 | Pan      | Gained mutation: Scrolls take you a little longer to read. [a cacodemon]
 83967 | Pan      | Got a glowing rune of Zot
 83973 | Pan      | Gained mutation: Your body sometimes deteriorates upon taking damage. [a cacodemon]
 84001 | Pan      | Took an exit into the Abyss.
 84001 | Abyss:1  | Escaped into the Abyss
 84051 | Depths:3 | Escaped the Abyss
 84219 | Lair:1   | Lost mutation: Your spells are a little easier to cast, but a little less powerful. [potion of cure mutation]
 84219 | Lair:1   | Lost mutation: You are clumsy. (Dex -2) [potion of cure mutation]
 84219 | Lair:1   | Lost mutation: Scrolls take you a little longer to read. [potion of cure mutation]
 84760 | Vaults:4 | Reached skill level 12 in Translocations
 84866 | Vaults:5 | Noticed an ancient lich
 84872 | Vaults:5 | Noticed Saint Roka
 85260 | Vaults:5 | Killed an ancient lich
 85260 | Vaults:5 | Reached skill level 16 in Short Blades
 85390 | Vaults:5 | Killed Saint Roka
 85503 | Vaults:5 | Reached skill level 17 in Short Blades
 85536 | Vaults:5 | Found Textiski's Antique Armour Shoppe.
 85620 | Vaults:5 | Found Zaru's Distillery.
 85646 | Vaults:5 | Bought a potion of resistance for 230 gold pieces
 85646 | Vaults:5 | Bought a potion of magic for 184 gold pieces
 85646 | Vaults:5 | Bought a potion of agility for 92 gold pieces
 85665 | Vaults:5 | Got a silver rune of Zot
 85722 | Vaults:5 | Found Jerchiesch's Book Shoppe.
 85807 | Vaults:5 | Reached skill level 18 in Short Blades
 86130 | Vaults:5 | Reached skill level 19 in Short Blades
 86159 | Vaults:5 | Found Juojoy's Magic Scroll Emporium.
 86163 | Vaults:5 | Bought a scroll of recharging for 152 gold pieces
 86163 | Vaults:5 | Bought a scroll of recharging for 152 gold pieces
 86163 | Vaults:5 | Bought a scroll of vulnerability for 120 gold pieces
 86163 | Vaults:5 | Bought a scroll of vulnerability for 120 gold pieces
 86163 | Vaults:5 | Bought a scroll of identify for 32 gold pieces
 86163 | Vaults:5 | Bought a scroll of identify for 32 gold pieces
 86163 | Vaults:5 | Bought a scroll of identify for 32 gold pieces
 86163 | Vaults:5 | Bought a scroll of identify for 32 gold pieces
 86164 | Vaults:5 | Found Fafucsil's Magic Scroll Shop.
 86171 | Vaults:5 | Bought a scroll of recharging for 180 gold pieces
 86171 | Vaults:5 | Bought a scroll of magic mapping for 66 gold pieces
 86171 | Vaults:5 | Bought a scroll of magic mapping for 66 gold pieces
 86171 | Vaults:5 | Bought a scroll of identify for 38 gold pieces
 86171 | Vaults:5 | Bought a scroll of recharging for 180 gold pieces
 86171 | Vaults:5 | Bought 3 scrolls of teleportation for 171 gold pieces
 86171 | Vaults:5 | Bought a scroll of fog for 38 gold pieces
 86171 | Vaults:5 | Bought a scroll of enchant weapon for 142 gold pieces
 86171 | Vaults:5 | Bought a scroll of identify for 38 gold pieces
 86236 | Vaults:5 | Found Laemophy's Food Emporium.
 86236 | Vaults:5 | Found Ilih's Food Boutique.
 86246 | Vaults:5 | Found Ypaitu's Magic Scroll Shoppe.
 86254 | Vaults:5 | Bought a scroll of identify for 34 gold pieces
 86254 | Vaults:5 | Bought a scroll of identify for 34 gold pieces
 86254 | Vaults:5 | Bought a scroll of identify for 34 gold pieces
 86254 | Vaults:5 | Bought a scroll of identify for 34 gold pieces
 86254 | Vaults:5 | Bought a scroll of magic mapping for 59 gold pieces
 86254 | Vaults:5 | Bought a scroll of teleportation for 51 gold pieces
 86254 | Vaults:5 | Bought a scroll of enchant weapon for 127 gold pieces
 86261 | Vaults:5 | Found Amiduute's Distillery.
 86265 | Vaults:5 | Bought a potion of brilliance for 80 gold pieces
 86265 | Vaults:5 | Bought a potion of brilliance for 80 gold pieces
 86265 | Vaults:5 | Bought a potion of haste for 200 gold pieces
 86265 | Vaults:5 | Bought a potion of beneficial mutation for 700 gold pieces
 86265 | Vaults:5 | Bought a potion of curing for 60 gold pieces
 86265 | Vaults:5 | Gained mutation: Your flesh is cold resistant. [potion of beneficial mutation]
 86276 | Vaults:5 | Found Qegux Ysitt's Distillery.
 86280 | Vaults:5 | Bought a potion of curing for 48 gold pieces
 86280 | Vaults:5 | Bought a potion of curing for 48 gold pieces
 86280 | Vaults:5 | Bought a potion of might for 64 gold pieces
 86280 | Vaults:5 | Bought a potion of agility for 64 gold pieces
 86280 | Vaults:5 | Bought 2 potions of curing for 96 gold pieces
 86280 | Vaults:5 | Bought a potion of haste for 160 gold pieces
 86280 | Vaults:5 | Bought a potion of curing for 48 gold pieces
 86280 | Vaults:5 | Bought a potion of magic for 128 gold pieces
 86280 | Vaults:5 | Bought a potion of might for 64 gold pieces
 86280 | Vaults:5 | Bought a potion of agility for 64 gold pieces
 86280 | Vaults:5 | Bought a potion of haste for 160 gold pieces
 86356 | Vaults:5 | Found Riss's Distillery.
 86363 | Vaults:5 | Bought a potion of curing for 39 gold pieces
 86363 | Vaults:5 | Bought a potion of heal wounds for 65 gold pieces
 86363 | Vaults:5 | Bought a potion of beneficial mutation for 455 gold pieces
 86363 | Vaults:5 | Bought a potion of resistance for 130 gold pieces
 86363 | Vaults:5 | Bought a potion of heal wounds for 65 gold pieces
 86363 | Vaults:5 | Bought a potion of brilliance for 52 gold pieces
 86363 | Vaults:5 | Gained mutation: You are somewhat resistant to further mutation. [potion of beneficial mutation]
 86529 | Vaults:5 | Found Kuviul Ilisch's Antique Armour Shop.
 86534 | Vaults:5 | Bought an ancient robe for 256 gold pieces
 86534 | Vaults:5 | Identified the cursed +1 robe "Alablal" {rN+ Dex+4} (You bought it in a shop on level 5 of the Vaults)
 86614 | Vaults:5 | Found Yqasusk's Magic Scroll Boutique.
 86618 | Vaults:5 | Bought a scroll of identify for 26 gold pieces
 86618 | Vaults:5 | Bought a scroll of identify for 26 gold pieces
 86618 | Vaults:5 | Bought a scroll of identify for 26 gold pieces
 86618 | Vaults:5 | Bought a scroll of blinking for 97 gold pieces
 86618 | Vaults:5 | Bought a scroll of enchant armour for 97 gold pieces
 86618 | Vaults:5 | Bought a scroll of recharging for 123 gold pieces
 86618 | Vaults:5 | Bought a scroll of acquirement for 676 gold pieces
 86618 | Vaults:5 | Bought a scroll of enchant weapon for 97 gold pieces
 86618 | Vaults:5 | Bought a scroll of identify for 26 gold pieces
 86620 | Vaults:5 | Got an encrusted cloak
 86631 | Vaults:5 | Identified the +2 cloak of Xouged {rPois rF+ Int-2 SInv} (You acquired it on level 5 of the Vaults)
 87387 | Zot:1    | Entered Level 1 of the Realm of Zot
 87446 | Zot:1    | Reached skill level 17 in Throwing
 87782 | Zot:1    | Reached skill level 18 in Throwing
 87809 | Zot:1    | Noticed Tiamat
 88077 | Zot:1    | Killed Tiamat
 88149 | Zot:1    | Reached skill level 19 in Throwing
 88790 | Zot:2    | Identified a +5 rod of inaccuracy (10/10) (You found it on level 2 of the Realm of Zot)
 88837 | Zot:2    | Reached skill level 20 in Throwing
 89553 | Zot:4    | Reached skill level 21 in Throwing
 89970 | Zot:4    | Gained mutation: Your body often deteriorates upon taking damage. [mutagenic glow]
 90262 | Pan      | Entered Pandemonium
 90265 | Pan      | Reached skill level 20 in Short Blades
 90312 | Pan      | Noticed Unturiacan the pandemonium lord
 90554 | Pan      | Noticed Juibuf the pandemonium lord
 90556 | Pan      | Killed Juibuf the pandemonium lord
 90815 | Pan      | Reached skill level 22 in Throwing
 91168 | Pan      | Reached skill level 21 in Short Blades
 91180 | Pan      | Found a glowing silver altar of Zin.
 91325 | Pan      | Got a brightly glowing large shield
 91327 | Pan      | Identified the cursed +0 large shield "Suest" {rC+} (You took it off a daeva in Pandemonium)
 91342 | Pan      | Got a transparent large shield
 91343 | Pan      | Identified the +6 large shield of the Evening {rElec Int+7 Dex-5} (You took it off a daeva in Pandemonium)
 91743 | Pan      | Found a white marble altar of Elyvilon.
 92010 | Pan      | Reached skill level 22 in Short Blades
 92411 | Pan      | Noticed a seraph
 92531 | Pan      | Killed a seraph
 92635 | Pan      | Got a smoking scale mail
 92636 | Pan      | Identified the +5 scale mail "Xaytiaz" {Int+3} (You took it off a cherub in Pandemonium)
 92639 | Pan      | Got a translucent long sword
 92640 | Pan      | Identified the +11 long sword of Truth {freeze, rPois Str-5 Dex+2} (You took it off a cherub in Pandemonium)
 92647 | Pan      | Found a glowing golden altar of the Shining One.
 92670 | Pan      | Identified the Reference Book on Igneous Confrontation
 92722 | Depths:3 | Escaped Pandemonium
 92729 | Pan      | Entered Pandemonium
 92814 | Pan      | Found an exit through the horrors of the Abyss.
 92835 | Pan      | Took an exit into the Abyss.
 92835 | Abyss:1  | Escaped into the Abyss
 92840 | Abyss:1  | Found a corrupted altar of Lugonu.
 92845 | Depths:3 | Escaped the Abyss
 92847 | Pan      | Entered Pandemonium
 92887 | Pan      | Noticed Kuceu the pandemonium lord
 92915 | Pan      | Killed Kuceu the pandemonium lord
 92930 | Pan      | Reached skill level 23 in Short Blades
 93092 | Pan      | Got a spiked plate armour
 93093 | Pan      | Identified the +9 plate armour of the Monkey's Uncle {rF+ MR+ Stlth+} (You found it in Pandemonium)
 93304 | Pan      | Found an exit through the horrors of the Abyss.
 93406 | Pan      | Found an exit through the horrors of the Abyss.
 93415 | Pan      | Took an exit into the Abyss.
 93415 | Abyss:1  | Escaped into the Abyss
 93494 | Depths:3 | Escaped the Abyss
 93502 | Pan      | Entered Pandemonium
 93611 | Pan      | Found an exit through the horrors of the Abyss.
 93814 | Pan      | Found an exit through the horrors of the Abyss.
 93829 | Pan      | Entered the realm of Cerebov.
 93991 | Pan      | Reached skill level 23 in Throwing
 93993 | Pan      | Noticed Cerebov
 94295 | Pan      | Reached skill level 24 in Short Blades
 94384 | Pan      | Killed Cerebov
 94409 | Pan      | Turgon: Hehe
 94420 | Pan      | mopl: ;-)
 94421 | Pan      | Turgon: needles of para still overpowered
 94436 | Pan      | Got a faintly humming chain mail
 94437 | Pan      | Identified the +10 chain mail "Cufell" {rN++ Int+5} (You found it in Pandemonium)
 94473 | Pan      | mopl: yep
 94484 | Pan      | Got a fiery rune of Zot
 94529 | Pan      | Entered the realm of Gloorx Vloq.
 94702 | Pan      | Noticed Gloorx Vloq
 94806 | Pan      | Got a dark rune of Zot
 94819 | Pan      | Killed Gloorx Vloq
 94831 | Pan      | Turgon: :-)
 94852 | Pan      | Reached skill level 25 in Short Blades
 94855 | Pan      | mopl: so pleasing \o/
 94973 | Depths:3 | Escaped Pandemonium
 94978 | Pan      | Entered the realm of Lom Lobon.
 94978 | Pan      | Entered Pandemonium
 94979 | Pan      | Turgon: boss after boss after boss
 94979 | Pan      | mopl: great, the last one
 95009 | Pan      | Turgon: And this one will make you FLY
 95043 | Pan      | Turgon: unless he's dead before
 95256 | Pan      | mopl: I hope so
 95256 | Pan      | mopl: I have crappy resists
 95386 | Pan      | Noticed Lom Lobon
 95634 | Pan      | Killed Lom Lobon
 95637 | Pan      | Turgon: Did he cast tornado while asleep??
 95637 | Pan      | mopl: wow, he still had time to cast tornado
 95663 | Pan      | Got a magical rune of Zot
 96067 | Pan      | Found an exit through the horrors of the Abyss.
 96077 | Pan      | Took an exit into the Abyss.
 96077 | Abyss:1  | Escaped into the Abyss
 96079 | Abyss:1  | Found a corrupted altar of Lugonu.
 96176 | Depths:3 | Escaped the Abyss
 96247 | Hell     | Found a gateway to the decaying netherworld of Tartarus.
 96390 | Hell     | Reached skill level 26 in Short Blades
 96535 | Hell     | Reached skill level 24 in Throwing
 96627 | Hell     | Found a gateway to the Iron City of Dis.
 96698 | Tar:1    | Entered Level 1 of Tartarus
 96842 | Tar:2    | Lost strength.
 97391 | Hell     | Reached skill level 27 in Short Blades
 97853 | Tar:6    | Lost strength.
 98075 | Tar:7    | Entered Level 7 of Tartarus
 98359 | Tar:7    | Noticed an ancient lich
 98381 | Tar:7    | HP: 1/207 [reaper/vampiric scythe (24)]
 98381 | Tar:7    | Mangled by an ancient lich

Vault maps used:
D:1:      dpeg_arrival_water_fire, serial_park_tiny_pond,
          hangedman_decor_growths
D:2:      kennysheep_nub
D:3:      grunt_dithmenos_smoke_and_mirrors
D:4:      first_bread, grunt_pakellas_basics
D:5:      nemelex_xobeh_ov_fountains_minmay, basic_altar
D:6:      grunt_temple_overflow_open, minmay_temple_entry_from_below_a
D:8:      due_lair_maze_entry_diamond, basic_altar
D:9:      serial_bayou, serial_bayou_ford_a, serial_bayou_lagoon_a,
          serial_bayou_shore_a, serial_bayou_pond_d, serial_bayou_lake_a,
          grunt_ogre_cave
D:10:     orc_0_dummy
D:11:     serial_shops, shop
D:12:     serial_shops, kennysheep_mini_moat, trog_wizard
D:13:     minmay_tri_stars, serial_shops, shop, wad_floor_pattern_untrapped,
          minmay_librarian
D:14:     minmay_connected_triangles_in_corner, david_vaults_5, special_room,
          enter_trove_2, hangedman_decor_lopped, uniq_urug, uniq_frances
D:15:     grunt_enter_depths_snipers
Lair:1:   lemuel_centaur_altar
Lair:2:   minmay_lair_oklob_chamber, grunt_megastairs_4,
          infiniplex_staircase_pool_2
Lair:3:   st_stairs_3, lemuel_fruit_fields
Lair:4:   bobbens_ice_dragon_lair
Lair:5:   minmay_snake_entry_guardpost_medium, wad_woods_river_01
Lair:6:   elwin_shoals_entry_rocks, minmay_slime_entry_oklob_open,
          grunt_forest_stairs_basic, grunt_megastairs_3
Lair:7:   disabler_island, serial_bayou_shore_b, grunt_megastairs_2, uniq_rupert
Lair:8:   evil_forest
Shoals:1: st_cyclops
Shoals:2: portal_ice_cave_entry_frozen_things
Shoals:3: serial_shops, nicolae_shop_overgrown_old_shop, kb_tengu_band
Shoals:4: shoals_end_simple, shoal_ilsuiw, uniq_aizul
Snake:2:  minmay_snake_pond
Snake:3:  nicolae_snake_round_shape_thing
Snake:4:  grunt_snake_rune_pools, serial_shops, nicolae_shop_trees, uniq_roxanne
Slime:2:  cheibrodos_slime_lost_civilization_2, nicolae_slime_barrier
Slime:4:  cheibrodos_slime_lost_civilization_5, uniq_dissolution
Slime:5:  basic_altar, dissolution_awaits
Orc:1:    serial_shops, shop
Orc:2:    grunt_orc_community_town_hall, grunt_orc_community_big_house_1,
          grunt_orc_community_big_house_2, grunt_orc_community_house_2,
          grunt_orc_community_house_3, grunt_orc_community_house_3,
          grunt_orc_community_house_1, grunt_orc_community_house_2,
          grunt_orc_community_house_2
Elf:1:    serial_shops, shop, hangedman_corner_corridor, grunt_ministairs_12
Elf:2:    basic_stair_grate_trap
Elf:3:    elf_hall, serial_shops, nicolae_shop_stone, shop,
          nicolae_shop_behind_doors, shop, shop, uniq_louise
Vaults:1: v_misc_3, v_misc_26, st_hourglassy, v_rooms_4,
          nicolae_vaults_little_squares_2, nicolae_vaults_border_crossing,
          vaults_standard_mumra_lines, ontoclasm_vaults_pinch, uniq_asterion,
          uniq_nikola
Vaults:2: minmay_crypt_entry_simple_round, v_misc_12, vaults_mumra_chevron_long,
          v_pattern_1, nicolae_vaults_little_squares_6,
          ontoclasm_vaults_claustrophobia, v_misc_15, v_misc_17,
          hangedman_vaults_snaps, v_misc_22, v_alt_pattern_4,
          grunt_vaults_swirl, serial_glass
Vaults:3: nicolae_vaults_triangles, ontoclasm_vaults_spin, vaults_dpeg_ring,
          v_misc_22, grunt_vaults_diagonal, hangedman_vaults_hard_town_square,
          v_rooms_1, nicolae_vaults_twisting_passages, hangedman_vaults_corner,
          v_pattern_2, serial_shops, nicolae_shop_overgrown_old_shop
Vaults:4: v_misc_19, hangedman_vaults_slice, nicolae_vaults_theta,
          ontoclasm_vaults_fault, vaults_room_hangedman_quadrants
Vaults:5: uniq_saint_roka
Crypt:2:  grunt_megastairs_1, uniq_jory, uniq_khufu
Crypt:3:  due_elkab, basic_altar, uniq_jorgrun
Tomb:1:   uniq_frederick
Depths:1: hangedman_cross_cluster, enter_ziggurat_f, hell_entry,
          minmay_room_of_horrors, ice2_lemuel
Depths:2: minmay_quantized_circle, grunt_metal_band, serial_shops,
          nicolae_shop_waterfront, hangedman_decor_opposing
Depths:3: mludivico_vault, minmay_door_square, rand_demon_pan_entry_8,
          hell_entry, hangedman_research_convocations, uniq_mennas, uniq_boris
Depths:4: lightli_tower_of_babel, abyss_entry, serial_bayou_pond_b,
          grunt_hell_entry_dis_grunt
Depths:5: grunt_zot_entry_bicorn, hell_entry, kennysheep_kite_vault
Tar:2:    nicolae_tar_cuneiform_three, nicolae_tar_cuneiform_city
Tar:7:    tar_old
Zot:1:    uniq_tiamat
Zot:4:    grunt_ministairs_10
Abyss:1:  evilmike_abyss_exit_3, evilmike_abyss_exit_11, evilmike_abyss_exit_16
Abyss:2:  hangedman_abyss_feature_spike, minivault_11,
          evilmike_abyss_exit_plants
Abyss:3:  evilmike_abyss_exit_6, minivault_26, evilmike_abyss_exit_7,
          evilmike_abyss_exit_glass
Abyss:4:  evilmike_abyss_exit_6, serial_sigils_hangedman_quiver, minivault_26
Pan:      nicolae_pan_double_arrow, pan_blood_fountain_small,
          pan_captured_pigsty, rand_demon_4, lemuel_hall_of_pain,
          evilmike_mini_pan_T, grunt_pan_zigzag, pan_blood_fountain,
          nicolae_pan_hourglass, nicolae_pan_lom_lobonic_1,
          evilmike_mini_pan_3x3, reaverb_pan_figure_eight,
          evilmike_mini_pan_branches, pan_blood_fountain_small,
          nicolae_pan_lom_lobonic_1, evilmike_mini_pan_3x3,
          nicolae_pan_mnolegish_1, evilmike_mini_pan_diamond,
          nicolae_pan_sigil_itan, evilmike_mini_pan_T,
          evilmike_mini_pan_other_thingy, lemuel_hellion_island,
          nicolae_pan_mnolegish_3, evilmike_mini_pan_doors,
          grunt_pan_frozen_over, mnoleg_grunt_wretched_star, rand_demon_2,
          nicolae_pan_mnolegish_4, nicolae_pan_sick_transit,
          grunt_pan_pentagram, grunt_pan_pentagram, pan_blood_fountain_small,
          evilmike_holy_pan, rand_demon_4, nicolae_pan_sigil_eeng,
          reaverb_pan_chaos_star, grunt_pan_pentagram, nicolae_pan_mnolegish_3,
          grunt_pan_sceptre, grunt_pan_in_and_out, nicolae_pan_door_chamber,
          pan_blood_fountain_small, evilmike_mini_pan_T, rand_demon_1,
          pan_blood_fountain, evilmike_mini_pan_doors, nicolae_pan_hourglass,
          pan_blood_fountain, evilmike_mini_pan_murderfest, reaverb_pan_squares,
          cerebov_grunt, pan_blood_fountain_2, gloorx_vloq_st,
          nicolae_pan_cerebovesque_3, lom_lobon_spiral_st
Zig:7:    ziggurat_pillar_centre_c, ziggurat_pillar_centre_dead_trees
Trove:    trove_garden
IceCv:    ice_cave_tombish

Skill      XL: |  1  2  3  4  5  6  7  8  9 10 11 12 13 14 15 16 17 18 19 20 21 22 23 24 25 26 27 |
---------------+----------------------------------------------------------------------------------+-----
Stealth        | 4 5 6 7 9 11 12 14 15 16 17 18 20 | 20.2
Short Blades   | 2 3 4 6 7 8 10 11 12 13 14 27 | 27.0
Ice Magic      | 1 |  1.0
Spellcasting   | 3 5 6 7 8 10 11 13 14 16 17 19 20 22 | 22.4
Hexes          | 4 5 6 7 9 11 12 13 14 | 14.0
Fighting       | 1 4 6 8 9 10 11 12 13 14 16 17 18 19 20 22 | 22.1
Shields        | 1 3 5 7 10 12 13 15 | 15.0
Dodging        | 5 7 9 11 12 13 14 16 17 18 21 | 21.6
Throwing       | 2 6 7 9 10 11 12 13 24 | 24.4
Conjurations   | 2 5 |  5.2
Transmutations | 2 6 8 9 11 | 11.0
Charms         | 5 8 11 12 | 12.1
Necromancy     | 3 |  3.1
Air Magic      | 2 7 10 | 10.0
Earth Magic    | 3 7 10 11 | 11.0
Translocations | 3 5 12 | 12.5

Action                   |  1- 3 |  4- 6 |  7- 9 | 10-12 | 13-15 | 16-18 | 19-21 | 22-24 | 25-27 || total
-------------------------+-------+-------+-------+-------+-------+-------+-------+-------+-------++-------
Melee: Dagger            |    98 |    96 |   269 |   453 |   403 |       |       |       |       ||  1319
       Rapier            |       |       |       |       |   791 |  1261 |  1874 |  2026 |  3493 ||  9445
       Cutlass           |       |       |       |       |       |       |       |       |  3745 ||  3745
       Eudemon blade     |       |       |       |       |       |       |       |       |   822 ||   822
 Fire: Blowgun           |       |       |       |       |       |       |       |       |     8 ||     8
Throw: Tomahawk          |       |       |       |     2 |    20 |       |       |       |       ||    22
       Throwing net      |       |       |       |       |     4 |     5 |     1 |     5 |     2 ||    17
       Javelin           |       |       |       |       |     4 |   137 |    41 |       |    23 ||   205
 Cast: Corona            |    11 |       |       |     3 |       |       |       |       |       ||    14
       Ensorcelled Hiber |    22 |    22 |    61 |   127 |   137 |    88 |   132 |   175 |    21 ||   785
       Tukima's Dance    |       |     8 |     9 |     6 |    33 |    12 |    86 |    43 |    22 ||   219
       Confuse           |       |     4 |    13 |    16 |    48 |    29 |    21 |   100 |     5 ||   236
       Animate Skeleton  |       |       |       |     5 |    15 |     1 |       |     1 |       ||    22
       Dazzling Spray    |       |       |       |     8 |    12 |    33 |   109 |    80 |     3 ||   245
       Invisibility      |       |       |       |     1 |    26 |    29 |    20 |    22 |    38 ||   136
       Apportation       |       |       |       |       |     1 |       |     3 |     6 |     5 ||    15
       Yara's Violent Un |       |       |       |       |       |     2 |    14 |    13 |     3 ||    32
       Regeneration      |       |       |       |       |       |       |    34 |    56 |   204 ||   294
       Silence           |       |       |       |       |       |       |     1 |     2 |    48 ||    51
       Deflect Missiles  |       |       |       |       |       |       |     1 |     2 |     9 ||    12
       Passwall          |       |       |       |       |       |       |       |    19 |    55 ||    74
       Petrify           |       |       |       |       |       |       |       |     2 |    30 ||    32
       Lee's Rapid Decon |       |       |       |       |       |       |       |    22 |    75 ||    97
       Spectral Weapon   |       |       |       |       |       |       |       |     5 |     8 ||    13
       Statue Form       |       |       |       |       |       |       |       |     3 |   136 ||   139
       Darkness          |       |       |       |       |       |       |       |       |    36 ||    36
       Blink             |       |       |       |       |       |       |       |       |    14 ||    14
 Abil: Evoke Flight      |       |       |       |       |     4 |       |       |       |       ||     4
       End Transformatio |       |       |       |       |       |       |       |       |     4 ||     4
Evoke: Wand              |       |       |       |     1 |     5 |     5 |     9 |     2 |    25 ||    47
       Deck              |       |       |       |       |       |       |       |     8 |       ||     8
       Phial of floods   |       |       |       |       |       |       |       |       |     1 ||     1
       Fan of gales      |       |       |       |       |       |       |       |       |     1 ||     1
       Figurine of a zig |       |       |       |       |       |       |       |       |     1 ||     1
  Use: Scroll            |       |       |     5 |    18 |    22 |    11 |     5 |    12 |    72 ||   145
       Potion            |       |       |     1 |     2 |     7 |     6 |     4 |     5 |    31 ||    56
 Stab: Sleeping          |    24 |    21 |    58 |   186 |   253 |   147 |   276 |   231 |   207 ||  1403
       Confused          |       |     4 |     6 |     8 |    24 |     6 |    11 |    81 |     4 ||   144
       Distracted        |       |     2 |     1 |     3 |    13 |     9 |    17 |    34 |    77 ||   156
       Invisible         |       |       |       |     1 |    81 |   105 |   120 |   117 |   214 ||   638
       Held in net/web   |       |       |       |       |     2 |     7 |     3 |     2 |     3 ||    17
       Fleeing           |       |       |       |       |       |     1 |       |       |       ||     1
       Paralysed         |       |       |       |       |       |       |       |     1 |     6 ||     7
       Petrified         |       |       |       |       |       |       |       |       |    16 ||    16
       Petrifying        |       |       |       |       |       |       |       |       |     8 ||     8
  Eat: Chunk             |     6 |     9 |    18 |    30 |    49 |    36 |    42 |    31 |    34 ||   255
       Beef jerky        |       |       |       |     1 |       |     1 |     2 |     2 |     4 ||    10
       Bread ration      |       |       |       |     1 |       |       |       |     3 |    19 ||    23
       Meat ration       |       |       |       |       |     2 |     1 |       |     1 |     7 ||    11
       Fruit             |       |       |       |       |     3 |     1 |     8 |       |    18 ||    30
       Royal jelly       |       |       |       |       |       |     2 |       |     2 |     4 ||     8
       Pizza             |       |       |       |       |       |     1 |     3 |     1 |     3 ||     8
